%YAML 1.1
%TAG !u! tag:unity3d.com,2011:
--- !u!1 &475508822785591869
GameObject:
  m_ObjectHideFlags: 0
  m_CorrespondingSourceObject: {fileID: 0}
  m_PrefabInstance: {fileID: 0}
  m_PrefabAsset: {fileID: 0}
  serializedVersion: 6
  m_Component:
  - component: {fileID: 6742877957692527324}
  m_Layer: 0
  m_Name: Discus01_fin_pectoralFront_r_3
  m_TagString: Untagged
  m_Icon: {fileID: 0}
  m_NavMeshLayer: 0
  m_StaticEditorFlags: 0
  m_IsActive: 1
--- !u!4 &6742877957692527324
Transform:
  m_ObjectHideFlags: 0
  m_CorrespondingSourceObject: {fileID: 0}
  m_PrefabInstance: {fileID: 0}
  m_PrefabAsset: {fileID: 0}
  m_GameObject: {fileID: 475508822785591869}
  serializedVersion: 2
  m_LocalRotation: {x: 0.010109151, y: 0.09344623, z: -0.24680877, w: 0.96449524}
  m_LocalPosition: {x: -0.5018804, y: 0.2027222, z: 0.002470179}
  m_LocalScale: {x: 1, y: 1, z: 1}
  m_ConstrainProportionsScale: 0
  m_Children:
  - {fileID: 2950745346488554866}
  m_Father: {fileID: 2375395865517688599}
  m_LocalEulerAnglesHint: {x: 0, y: 0, z: 0}
--- !u!1 &809672791246015725
GameObject:
  m_ObjectHideFlags: 0
  m_CorrespondingSourceObject: {fileID: 0}
  m_PrefabInstance: {fileID: 0}
  m_PrefabAsset: {fileID: 0}
  serializedVersion: 6
  m_Component:
  - component: {fileID: 754784517392412006}
  m_Layer: 0
  m_Name: Discus01_spine_0
  m_TagString: Untagged
  m_Icon: {fileID: 0}
  m_NavMeshLayer: 0
  m_StaticEditorFlags: 0
  m_IsActive: 1
--- !u!4 &754784517392412006
Transform:
  m_ObjectHideFlags: 0
  m_CorrespondingSourceObject: {fileID: 0}
  m_PrefabInstance: {fileID: 0}
  m_PrefabAsset: {fileID: 0}
  m_GameObject: {fileID: 809672791246015725}
  serializedVersion: 2
  m_LocalRotation: {x: -0.22476813, y: 0.9733772, z: 0.011639967, w: -0.043366354}
  m_LocalPosition: {x: -1.0028269, y: -2.8085172, z: 0.12786666}
  m_LocalScale: {x: 1, y: 1, z: 1}
  m_ConstrainProportionsScale: 0
  m_Children:
  - {fileID: 3361412440892044001}
  - {fileID: 2195149725842753051}
  - {fileID: 5149755966369384600}
  - {fileID: 3681441361123166811}
  - {fileID: 3629822487929924004}
  - {fileID: 3007094643902611529}
  m_Father: {fileID: 9023733633134869977}
  m_LocalEulerAnglesHint: {x: 0, y: 0, z: 0}
--- !u!1 &892926759846091324
GameObject:
  m_ObjectHideFlags: 0
  m_CorrespondingSourceObject: {fileID: 0}
  m_PrefabInstance: {fileID: 0}
  m_PrefabAsset: {fileID: 0}
  serializedVersion: 6
  m_Component:
  - component: {fileID: 5149755966369384600}
  m_Layer: 0
  m_Name: Discus01_fin_r
  m_TagString: Untagged
  m_Icon: {fileID: 0}
  m_NavMeshLayer: 0
  m_StaticEditorFlags: 0
  m_IsActive: 1
--- !u!4 &5149755966369384600
Transform:
  m_ObjectHideFlags: 0
  m_CorrespondingSourceObject: {fileID: 0}
  m_PrefabInstance: {fileID: 0}
  m_PrefabAsset: {fileID: 0}
  m_GameObject: {fileID: 892926759846091324}
  serializedVersion: 2
  m_LocalRotation: {x: 0.3801177, y: -0.54553235, z: -0.37019256, w: 0.6487391}
  m_LocalPosition: {x: -0.7776779, y: -0.99011236, z: -0.684747}
  m_LocalScale: {x: 1, y: 1, z: 1}
  m_ConstrainProportionsScale: 0
  m_Children:
  - {fileID: 2994764676837615290}
  - {fileID: 4642862051623236983}
  - {fileID: 3336969663730597621}
  - {fileID: 5516393470393356671}
  m_Father: {fileID: 754784517392412006}
  m_LocalEulerAnglesHint: {x: 0, y: 0, z: 0}
--- !u!1 &1033786628168574214
GameObject:
  m_ObjectHideFlags: 0
  m_CorrespondingSourceObject: {fileID: 0}
  m_PrefabInstance: {fileID: 0}
  m_PrefabAsset: {fileID: 0}
  serializedVersion: 6
  m_Component:
  - component: {fileID: 3629822487929924004}
  m_Layer: 0
  m_Name: Discus01_spine_1
  m_TagString: Untagged
  m_Icon: {fileID: 0}
  m_NavMeshLayer: 0
  m_StaticEditorFlags: 0
  m_IsActive: 1
--- !u!4 &3629822487929924004
Transform:
  m_ObjectHideFlags: 0
  m_CorrespondingSourceObject: {fileID: 0}
  m_PrefabInstance: {fileID: 0}
  m_PrefabAsset: {fileID: 0}
  m_GameObject: {fileID: 1033786628168574214}
  serializedVersion: 2
  m_LocalRotation: {x: 0.0010592223, y: 0.015696181, z: -0.000016627804, w: 0.99987626}
  m_LocalPosition: {x: -1.544577, y: 0, z: -0.027444156}
  m_LocalScale: {x: 1, y: 1, z: 1}
  m_ConstrainProportionsScale: 0
  m_Children:
  - {fileID: 8075035981267290462}
  - {fileID: 5416868342454655513}
  - {fileID: 7007291914135016745}
  - {fileID: 2769822477001461526}
  m_Father: {fileID: 754784517392412006}
  m_LocalEulerAnglesHint: {x: 0, y: 0, z: 0}
--- !u!1 &1068309097091496070
GameObject:
  m_ObjectHideFlags: 0
  m_CorrespondingSourceObject: {fileID: 0}
  m_PrefabInstance: {fileID: 0}
  m_PrefabAsset: {fileID: 0}
  serializedVersion: 6
  m_Component:
  - component: {fileID: 445269042867242212}
  m_Layer: 0
  m_Name: Discus01_spine_3
  m_TagString: Untagged
  m_Icon: {fileID: 0}
  m_NavMeshLayer: 0
  m_StaticEditorFlags: 0
  m_IsActive: 1
--- !u!4 &445269042867242212
Transform:
  m_ObjectHideFlags: 0
  m_CorrespondingSourceObject: {fileID: 0}
  m_PrefabInstance: {fileID: 0}
  m_PrefabAsset: {fileID: 0}
  m_GameObject: {fileID: 1068309097091496070}
  serializedVersion: 2
  m_LocalRotation: {x: 0.0094407825, y: -0.005870498, z: 0.00005542551, w: 0.99993825}
  m_LocalPosition: {x: -1.1999999, y: 0, z: -1.498801e-16}
  m_LocalScale: {x: 1, y: 1, z: 1}
  m_ConstrainProportionsScale: 0
  m_Children:
  - {fileID: 3519257563962600257}
  - {fileID: 2318796327771763991}
  - {fileID: 6308801245086687929}
  - {fileID: 4655333613931161315}
  m_Father: {fileID: 5416868342454655513}
  m_LocalEulerAnglesHint: {x: 0, y: 0, z: 0}
--- !u!1 &1261318028436671623
GameObject:
  m_ObjectHideFlags: 0
  m_CorrespondingSourceObject: {fileID: 0}
  m_PrefabInstance: {fileID: 0}
  m_PrefabAsset: {fileID: 0}
  serializedVersion: 6
  m_Component:
  - component: {fileID: 4943984704287031985}
  m_Layer: 0
  m_Name: Discus01_tail_3
  m_TagString: Untagged
  m_Icon: {fileID: 0}
  m_NavMeshLayer: 0
  m_StaticEditorFlags: 0
  m_IsActive: 1
--- !u!4 &4943984704287031985
Transform:
  m_ObjectHideFlags: 0
  m_CorrespondingSourceObject: {fileID: 0}
  m_PrefabInstance: {fileID: 0}
  m_PrefabAsset: {fileID: 0}
  m_GameObject: {fileID: 1261318028436671623}
  serializedVersion: 2
  m_LocalRotation: {x: 0, y: -0.14943029, z: -0, w: 0.9887723}
  m_LocalPosition: {x: -0.9, y: -4.9960035e-17, z: -1.11022296e-16}
  m_LocalScale: {x: 1, y: 1, z: 1}
  m_ConstrainProportionsScale: 0
  m_Children:
  - {fileID: 2713354757901643785}
  m_Father: {fileID: 3986605031168764620}
  m_LocalEulerAnglesHint: {x: 0, y: 0, z: 0}
--- !u!1 &1310988078627880765
GameObject:
  m_ObjectHideFlags: 0
  m_CorrespondingSourceObject: {fileID: 0}
  m_PrefabInstance: {fileID: 0}
  m_PrefabAsset: {fileID: 0}
  serializedVersion: 6
  m_Component:
  - component: {fileID: 7384305760122565631}
  m_Layer: 0
  m_Name: Discus01_fin_pectoral2_tip
  m_TagString: Untagged
  m_Icon: {fileID: 0}
  m_NavMeshLayer: 0
  m_StaticEditorFlags: 0
  m_IsActive: 1
--- !u!4 &7384305760122565631
Transform:
  m_ObjectHideFlags: 0
  m_CorrespondingSourceObject: {fileID: 0}
  m_PrefabInstance: {fileID: 0}
  m_PrefabAsset: {fileID: 0}
  m_GameObject: {fileID: 1310988078627880765}
  serializedVersion: 2
  m_LocalRotation: {x: 0.666041, y: 0.7459151, z: -4.8908803e-18, w: -8.645738e-17}
  m_LocalPosition: {x: -1.7746465, y: -0.1433254, z: -2.1733152e-16}
  m_LocalScale: {x: 1, y: 1, z: 1}
  m_ConstrainProportionsScale: 0
  m_Children: []
  m_Father: {fileID: 3782783289013674143}
  m_LocalEulerAnglesHint: {x: 0, y: 0, z: 0}
--- !u!1 &1369920336534654576
GameObject:
  m_ObjectHideFlags: 0
  m_CorrespondingSourceObject: {fileID: 0}
  m_PrefabInstance: {fileID: 0}
  m_PrefabAsset: {fileID: 0}
  serializedVersion: 6
  m_Component:
  - component: {fileID: 3007094643902611529}
  m_Layer: 0
  m_Name: Discus01_spine_fin1
  m_TagString: Untagged
  m_Icon: {fileID: 0}
  m_NavMeshLayer: 0
  m_StaticEditorFlags: 0
  m_IsActive: 1
--- !u!4 &3007094643902611529
Transform:
  m_ObjectHideFlags: 0
  m_CorrespondingSourceObject: {fileID: 0}
  m_PrefabInstance: {fileID: 0}
  m_PrefabAsset: {fileID: 0}
  m_GameObject: {fileID: 1369920336534654576}
  serializedVersion: 2
  m_LocalRotation: {x: -0.022798145, y: -0.0028457933, z: -0.26400465, w: 0.96424776}
  m_LocalPosition: {x: -0.6709895, y: 3.3014963, z: 0}
  m_LocalScale: {x: 1, y: 1, z: 1}
  m_ConstrainProportionsScale: 0
  m_Children:
  - {fileID: 8042677700755671219}
  m_Father: {fileID: 754784517392412006}
  m_LocalEulerAnglesHint: {x: 0, y: 0, z: 0}
--- !u!1 &1466031981155595257
GameObject:
  m_ObjectHideFlags: 0
  m_CorrespondingSourceObject: {fileID: 0}
  m_PrefabInstance: {fileID: 0}
  m_PrefabAsset: {fileID: 0}
  serializedVersion: 6
  m_Component:
  - component: {fileID: 2195149725842753051}
  m_Layer: 0
  m_Name: Discus01_fin_pectoralFront_root
  m_TagString: Untagged
  m_Icon: {fileID: 0}
  m_NavMeshLayer: 0
  m_StaticEditorFlags: 0
  m_IsActive: 1
--- !u!4 &2195149725842753051
Transform:
  m_ObjectHideFlags: 0
  m_CorrespondingSourceObject: {fileID: 0}
  m_PrefabInstance: {fileID: 0}
  m_PrefabAsset: {fileID: 0}
  m_GameObject: {fileID: 1466031981155595257}
  serializedVersion: 2
  m_LocalRotation: {x: 6.123234e-17, y: 1, z: -6.123234e-17, w: -6.123234e-17}
  m_LocalPosition: {x: -0.41471192, y: -2.6170914, z: -5.0787563e-17}
  m_LocalScale: {x: 1, y: 1, z: 1}
  m_ConstrainProportionsScale: 0
  m_Children:
  - {fileID: 175610237705252188}
  - {fileID: 845712065953304048}
  m_Father: {fileID: 754784517392412006}
  m_LocalEulerAnglesHint: {x: 0, y: 0, z: 0}
--- !u!1 &1528705873661057087
GameObject:
  m_ObjectHideFlags: 0
  m_CorrespondingSourceObject: {fileID: 0}
  m_PrefabInstance: {fileID: 0}
  m_PrefabAsset: {fileID: 0}
  serializedVersion: 6
  m_Component:
  - component: {fileID: 2132384966276274171}
  m_Layer: 0
  m_Name: Discus01_spine_fin6_2
  m_TagString: Untagged
  m_Icon: {fileID: 0}
  m_NavMeshLayer: 0
  m_StaticEditorFlags: 0
  m_IsActive: 1
--- !u!4 &2132384966276274171
Transform:
  m_ObjectHideFlags: 0
  m_CorrespondingSourceObject: {fileID: 0}
  m_PrefabInstance: {fileID: 0}
  m_PrefabAsset: {fileID: 0}
  m_GameObject: {fileID: 1528705873661057087}
  serializedVersion: 2
  m_LocalRotation: {x: 0.0026613276, y: -0.08091862, z: 0.032763258, w: 0.99617857}
  m_LocalPosition: {x: -1.0397357, y: -0.030774781, z: -3.7811832e-17}
  m_LocalScale: {x: 1, y: 1, z: 1}
  m_ConstrainProportionsScale: 0
  m_Children:
  - {fileID: 5380715324249070261}
  m_Father: {fileID: 4655333613931161315}
  m_LocalEulerAnglesHint: {x: 0, y: 0, z: 0}
--- !u!1 &1707092598383131566
GameObject:
  m_ObjectHideFlags: 0
  m_CorrespondingSourceObject: {fileID: 0}
  m_PrefabInstance: {fileID: 0}
  m_PrefabAsset: {fileID: 0}
  serializedVersion: 6
  m_Component:
  - component: {fileID: 2425619005718501492}
  m_Layer: 0
  m_Name: Discus01_fin_r_3_tip
  m_TagString: Untagged
  m_Icon: {fileID: 0}
  m_NavMeshLayer: 0
  m_StaticEditorFlags: 0
  m_IsActive: 1
--- !u!4 &2425619005718501492
Transform:
  m_ObjectHideFlags: 0
  m_CorrespondingSourceObject: {fileID: 0}
  m_PrefabInstance: {fileID: 0}
  m_PrefabAsset: {fileID: 0}
  m_GameObject: {fileID: 1707092598383131566}
  serializedVersion: 2
  m_LocalRotation: {x: 0.058396433, y: 0.70469135, z: -0.058396433, w: 0.70469135}
  m_LocalPosition: {x: -1.8486291, y: 0.018752418, z: 0.057386983}
  m_LocalScale: {x: 1, y: 1, z: 1}
  m_ConstrainProportionsScale: 0
  m_Children: []
  m_Father: {fileID: 3336969663730597621}
  m_LocalEulerAnglesHint: {x: 0, y: 0, z: 0}
--- !u!1 &1846693314786438847
GameObject:
  m_ObjectHideFlags: 0
  m_CorrespondingSourceObject: {fileID: 0}
  m_PrefabInstance: {fileID: 0}
  m_PrefabAsset: {fileID: 0}
  serializedVersion: 6
  m_Component:
  - component: {fileID: 234415598367428813}
  m_Layer: 0
  m_Name: Discus01_fin_l_1
  m_TagString: Untagged
  m_Icon: {fileID: 0}
  m_NavMeshLayer: 0
  m_StaticEditorFlags: 0
  m_IsActive: 1
--- !u!4 &234415598367428813
Transform:
  m_ObjectHideFlags: 0
  m_CorrespondingSourceObject: {fileID: 0}
  m_PrefabInstance: {fileID: 0}
  m_PrefabAsset: {fileID: 0}
  m_GameObject: {fileID: 1846693314786438847}
  serializedVersion: 2
  m_LocalRotation: {x: 0.22720473, y: -0.3171955, z: 0.32158417, w: 0.8627565}
  m_LocalPosition: {x: -0.2526294, y: 0.021977682, z: -0.07840854}
  m_LocalScale: {x: 1, y: 1, z: 1}
  m_ConstrainProportionsScale: 0
  m_Children:
  - {fileID: 6473367074184110273}
  m_Father: {fileID: 3361412440892044001}
  m_LocalEulerAnglesHint: {x: 0, y: 0, z: 0}
--- !u!1 &1867697511076092823
GameObject:
  m_ObjectHideFlags: 0
  m_CorrespondingSourceObject: {fileID: 0}
  m_PrefabInstance: {fileID: 0}
  m_PrefabAsset: {fileID: 0}
  serializedVersion: 6
  m_Component:
  - component: {fileID: 8867531693070821328}
  m_Layer: 0
  m_Name: Discus01_fin_pectoral6_tip
  m_TagString: Untagged
  m_Icon: {fileID: 0}
  m_NavMeshLayer: 0
  m_StaticEditorFlags: 0
  m_IsActive: 1
--- !u!4 &8867531693070821328
Transform:
  m_ObjectHideFlags: 0
  m_CorrespondingSourceObject: {fileID: 0}
  m_PrefabInstance: {fileID: 0}
  m_PrefabAsset: {fileID: 0}
  m_GameObject: {fileID: 1867697511076092823}
  serializedVersion: 2
  m_LocalRotation: {x: 0, y: -0, z: -0, w: 1}
  m_LocalPosition: {x: -0.7288005, y: 0.779352, z: -4.9155383e-17}
  m_LocalScale: {x: 1, y: 1, z: 1}
  m_ConstrainProportionsScale: 0
  m_Children: []
  m_Father: {fileID: 1916505053448718366}
  m_LocalEulerAnglesHint: {x: 0, y: 0, z: 0}
--- !u!1 &1887752451795114115
GameObject:
  m_ObjectHideFlags: 0
  m_CorrespondingSourceObject: {fileID: 0}
  m_PrefabInstance: {fileID: 0}
  m_PrefabAsset: {fileID: 0}
  serializedVersion: 6
  m_Component:
  - component: {fileID: 5380715324249070261}
  m_Layer: 0
  m_Name: Discus01_spine_fin6_tip
  m_TagString: Untagged
  m_Icon: {fileID: 0}
  m_NavMeshLayer: 0
  m_StaticEditorFlags: 0
  m_IsActive: 1
--- !u!4 &5380715324249070261
Transform:
  m_ObjectHideFlags: 0
  m_CorrespondingSourceObject: {fileID: 0}
  m_PrefabInstance: {fileID: 0}
  m_PrefabAsset: {fileID: 0}
  m_GameObject: {fileID: 1887752451795114115}
  serializedVersion: 2
  m_LocalRotation: {x: 0, y: -0, z: -0, w: 1}
  m_LocalPosition: {x: -0.86644685, y: -0.034683693, z: -1.9536113e-17}
  m_LocalScale: {x: 1, y: 1, z: 1}
  m_ConstrainProportionsScale: 0
  m_Children: []
  m_Father: {fileID: 2132384966276274171}
  m_LocalEulerAnglesHint: {x: 0, y: 0, z: 0}
--- !u!1 &1931868978636107199
GameObject:
  m_ObjectHideFlags: 0
  m_CorrespondingSourceObject: {fileID: 0}
  m_PrefabInstance: {fileID: 0}
  m_PrefabAsset: {fileID: 0}
  serializedVersion: 6
  m_Component:
  - component: {fileID: 5473046189531127348}
  m_Layer: 0
  m_Name: Discus01_eye_l
  m_TagString: Untagged
  m_Icon: {fileID: 0}
  m_NavMeshLayer: 0
  m_StaticEditorFlags: 0
  m_IsActive: 1
--- !u!4 &5473046189531127348
Transform:
  m_ObjectHideFlags: 0
  m_CorrespondingSourceObject: {fileID: 0}
  m_PrefabInstance: {fileID: 0}
  m_PrefabAsset: {fileID: 0}
  m_GameObject: {fileID: 1931868978636107199}
  serializedVersion: 2
  m_LocalRotation: {x: 0.13402969, y: 0.046585143, z: 0.12782364, w: 0.98159415}
  m_LocalPosition: {x: -0.3260457, y: 0.47246233, z: 0.39748564}
  m_LocalScale: {x: 1, y: 1, z: 1}
  m_ConstrainProportionsScale: 0
  m_Children: []
  m_Father: {fileID: 3681441361123166811}
  m_LocalEulerAnglesHint: {x: 0, y: 0, z: 0}
--- !u!1 &2084486108740621541
GameObject:
  m_ObjectHideFlags: 0
  m_CorrespondingSourceObject: {fileID: 0}
  m_PrefabInstance: {fileID: 0}
  m_PrefabAsset: {fileID: 0}
  serializedVersion: 6
  m_Component:
  - component: {fileID: 5186859237845218088}
  m_Layer: 0
  m_Name: Discus01_spine_fin3_tip
  m_TagString: Untagged
  m_Icon: {fileID: 0}
  m_NavMeshLayer: 0
  m_StaticEditorFlags: 0
  m_IsActive: 1
--- !u!4 &5186859237845218088
Transform:
  m_ObjectHideFlags: 0
  m_CorrespondingSourceObject: {fileID: 0}
  m_PrefabInstance: {fileID: 0}
  m_PrefabAsset: {fileID: 0}
  m_GameObject: {fileID: 2084486108740621541}
  serializedVersion: 2
  m_LocalRotation: {x: 0, y: -0, z: -0, w: 1}
  m_LocalPosition: {x: -1.5783241, y: 0.62763155, z: 6.3019723e-18}
  m_LocalScale: {x: 1, y: 1, z: 1}
  m_ConstrainProportionsScale: 0
  m_Children: []
  m_Father: {fileID: 2769822477001461526}
  m_LocalEulerAnglesHint: {x: 0, y: 0, z: 0}
--- !u!1 &2169728176538354946
GameObject:
  m_ObjectHideFlags: 0
  m_CorrespondingSourceObject: {fileID: 0}
  m_PrefabInstance: {fileID: 0}
  m_PrefabAsset: {fileID: 0}
  serializedVersion: 6
  m_Component:
  - component: {fileID: 9023733633134869977}
  m_Layer: 0
  m_Name: Discus01_root
  m_TagString: Untagged
  m_Icon: {fileID: 0}
  m_NavMeshLayer: 0
  m_StaticEditorFlags: 0
  m_IsActive: 1
--- !u!4 &9023733633134869977
Transform:
  m_ObjectHideFlags: 0
  m_CorrespondingSourceObject: {fileID: 0}
  m_PrefabInstance: {fileID: 0}
  m_PrefabAsset: {fileID: 0}
  m_GameObject: {fileID: 2169728176538354946}
  serializedVersion: 2
  m_LocalRotation: {x: 0, y: -0, z: -0, w: 1}
  m_LocalPosition: {x: -0, y: 0, z: 0}
  m_LocalScale: {x: 0.29745618, y: 0.29745618, z: 0.29745618}
  m_ConstrainProportionsScale: 0
  m_Children:
  - {fileID: 754784517392412006}
  m_Father: {fileID: 2044257875654491001}
  m_LocalEulerAnglesHint: {x: 0, y: 0, z: 0}
--- !u!1 &2308337310002329677
GameObject:
  m_ObjectHideFlags: 0
  m_CorrespondingSourceObject: {fileID: 0}
  m_PrefabInstance: {fileID: 0}
  m_PrefabAsset: {fileID: 0}
  serializedVersion: 6
  m_Component:
  - component: {fileID: 6470095579503502633}
  m_Layer: 0
  m_Name: Discus01_fin_pectoralFront_l_4
  m_TagString: Untagged
  m_Icon: {fileID: 0}
  m_NavMeshLayer: 0
  m_StaticEditorFlags: 0
  m_IsActive: 1
--- !u!4 &6470095579503502633
Transform:
  m_ObjectHideFlags: 0
  m_CorrespondingSourceObject: {fileID: 0}
  m_PrefabInstance: {fileID: 0}
  m_PrefabAsset: {fileID: 0}
  m_GameObject: {fileID: 2308337310002329677}
  serializedVersion: 2
  m_LocalRotation: {x: 0.020139689, y: 0.055656195, z: -0.01740417, w: 0.99809515}
  m_LocalPosition: {x: -1.2915694, y: 0.029299388, z: 0.09521754}
  m_LocalScale: {x: 1, y: 1, z: 1}
  m_ConstrainProportionsScale: 0
  m_Children:
  - {fileID: 4797917037480857014}
  m_Father: {fileID: 1359088658245844616}
  m_LocalEulerAnglesHint: {x: 0, y: 0, z: 0}
--- !u!1 &2426303253805800412
GameObject:
  m_ObjectHideFlags: 0
  m_CorrespondingSourceObject: {fileID: 0}
  m_PrefabInstance: {fileID: 0}
  m_PrefabAsset: {fileID: 0}
  serializedVersion: 6
  m_Component:
  - component: {fileID: 4797917037480857014}
  m_Layer: 0
  m_Name: Discus01_fin_pectoralFront_l_5
  m_TagString: Untagged
  m_Icon: {fileID: 0}
  m_NavMeshLayer: 0
  m_StaticEditorFlags: 0
  m_IsActive: 1
--- !u!4 &4797917037480857014
Transform:
  m_ObjectHideFlags: 0
  m_CorrespondingSourceObject: {fileID: 0}
  m_PrefabInstance: {fileID: 0}
  m_PrefabAsset: {fileID: 0}
  m_GameObject: {fileID: 2426303253805800412}
  serializedVersion: 2
  m_LocalRotation: {x: 0.017802648, y: 0.21673836, z: 0.1954981, w: 0.9562887}
  m_LocalPosition: {x: -1.0242859, y: -0.0809734, z: 0.07160663}
  m_LocalScale: {x: 1, y: 1, z: 1}
  m_ConstrainProportionsScale: 0
  m_Children:
  - {fileID: 1294896697913123035}
  m_Father: {fileID: 6470095579503502633}
  m_LocalEulerAnglesHint: {x: 0, y: 0, z: 0}
--- !u!1 &2581590475746289745
GameObject:
  m_ObjectHideFlags: 0
  m_CorrespondingSourceObject: {fileID: 0}
  m_PrefabInstance: {fileID: 0}
  m_PrefabAsset: {fileID: 0}
  serializedVersion: 6
  m_Component:
  - component: {fileID: 158877110973178930}
  - component: {fileID: 4369766965729198338}
  m_Layer: 0
  m_Name: Discus01__fins
  m_TagString: Untagged
  m_Icon: {fileID: 0}
  m_NavMeshLayer: 0
  m_StaticEditorFlags: 0
  m_IsActive: 1
--- !u!4 &158877110973178930
Transform:
  m_ObjectHideFlags: 0
  m_CorrespondingSourceObject: {fileID: 0}
  m_PrefabInstance: {fileID: 0}
  m_PrefabAsset: {fileID: 0}
  m_GameObject: {fileID: 2581590475746289745}
  serializedVersion: 2
  m_LocalRotation: {x: 0, y: -0, z: -0, w: 1}
  m_LocalPosition: {x: -0, y: 0, z: 0}
  m_LocalScale: {x: 1, y: 1, z: 1}
  m_ConstrainProportionsScale: 0
  m_Children: []
  m_Father: {fileID: 2044257875654491001}
  m_LocalEulerAnglesHint: {x: 0, y: 0, z: 0}
--- !u!137 &4369766965729198338
SkinnedMeshRenderer:
  m_ObjectHideFlags: 0
  m_CorrespondingSourceObject: {fileID: 0}
  m_PrefabInstance: {fileID: 0}
  m_PrefabAsset: {fileID: 0}
  m_GameObject: {fileID: 2581590475746289745}
  m_Enabled: 1
  m_CastShadows: 1
  m_ReceiveShadows: 1
  m_DynamicOccludee: 1
  m_StaticShadowCaster: 0
  m_MotionVectors: 1
  m_LightProbeUsage: 1
  m_ReflectionProbeUsage: 1
  m_RayTracingMode: 3
  m_RayTraceProcedural: 0
  m_RenderingLayerMask: 1
  m_RendererPriority: 0
  m_Materials:
  - {fileID: 2100000, guid: 993084ed46f6c17478cec0bb07820e71, type: 2}
  m_StaticBatchInfo:
    firstSubMesh: 0
    subMeshCount: 0
  m_StaticBatchRoot: {fileID: 0}
  m_ProbeAnchor: {fileID: 0}
  m_LightProbeVolumeOverride: {fileID: 0}
  m_ScaleInLightmap: 1
  m_ReceiveGI: 1
  m_PreserveUVs: 0
  m_IgnoreNormalsForChartDetection: 0
  m_ImportantGI: 0
  m_StitchLightmapSeams: 1
  m_SelectedEditorRenderState: 3
  m_MinimumChartSize: 4
  m_AutoUVMaxDistance: 0.5
  m_AutoUVMaxAngle: 89
  m_LightmapParameters: {fileID: 0}
  m_SortingLayerID: 0
  m_SortingLayer: 0
  m_SortingOrder: 0
  serializedVersion: 2
  m_Quality: 0
  m_UpdateWhenOffscreen: 0
  m_SkinnedMotionVectors: 1
  m_Mesh: {fileID: 6913038393848208785, guid: d78eac9f692777c49a865108cb23a03f, type: 3}
  m_Bones:
  - {fileID: 754784517392412006}
  - {fileID: 3007094643902611529}
  - {fileID: 8042677700755671219}
  - {fileID: 3629822487929924004}
  - {fileID: 5416868342454655513}
  - {fileID: 445269042867242212}
  - {fileID: 6308801245086687929}
  - {fileID: 3463565641947165474}
  - {fileID: 3986605031168764620}
  - {fileID: 4943984704287031985}
  - {fileID: 2713354757901643785}
  - {fileID: 5338675517431765037}
  - {fileID: 8014276216198011195}
  - {fileID: 6621387728902991496}
  - {fileID: 2312277084047548837}
  - {fileID: 8176904851974838048}
  - {fileID: 4374993121451196529}
  - {fileID: 5774788116920672613}
  - {fileID: 443926183827800618}
  - {fileID: 8371301968328853044}
  - {fileID: 2111528454709110474}
  - {fileID: 1916505053448718366}
  - {fileID: 8867531693070821328}
  - {fileID: 4655333613931161315}
  - {fileID: 2132384966276274171}
  - {fileID: 5380715324249070261}
  - {fileID: 3519257563962600257}
  - {fileID: 8362203249704713391}
  - {fileID: 2318796327771763991}
  - {fileID: 9185321650394528725}
  - {fileID: 8657241521990485640}
  - {fileID: 4543710090202756143}
  - {fileID: 7114607670010362959}
  - {fileID: 5234595229456734015}
  - {fileID: 3782783289013674143}
  - {fileID: 7384305760122565631}
  - {fileID: 7007291914135016745}
  - {fileID: 1678959771775555481}
  - {fileID: 2769822477001461526}
  - {fileID: 5186859237845218088}
  - {fileID: 8075035981267290462}
  - {fileID: 2648032682288331713}
  - {fileID: 3681441361123166811}
  - {fileID: 5473046189531127348}
  - {fileID: 6389814262758044776}
  - {fileID: 6120724030460746065}
  - {fileID: 533554874566788408}
  - {fileID: 5149755966369384600}
  - {fileID: 2994764676837615290}
  - {fileID: 3723293169425630544}
  - {fileID: 5516393470393356671}
  - {fileID: 1947820335293262129}
  - {fileID: 3336969663730597621}
  - {fileID: 2425619005718501492}
  - {fileID: 4642862051623236983}
  - {fileID: 5425024529523102786}
  - {fileID: 3361412440892044001}
  - {fileID: 234415598367428813}
  - {fileID: 6473367074184110273}
  - {fileID: 817851694069570634}
  - {fileID: 2888812459142648676}
  - {fileID: 2284487748966015392}
  - {fileID: 8124591037740573657}
  - {fileID: 8816192021965833430}
  - {fileID: 993933943244407420}
  - {fileID: 2195149725842753051}
  - {fileID: 845712065953304048}
  - {fileID: 2375395865517688599}
  - {fileID: 6742877957692527324}
  - {fileID: 2950745346488554866}
  - {fileID: 6649233918925058106}
  - {fileID: 2988890446678284659}
  - {fileID: 175610237705252188}
  - {fileID: 4114806387311484393}
  - {fileID: 1359088658245844616}
  - {fileID: 6470095579503502633}
  - {fileID: 4797917037480857014}
  - {fileID: 1294896697913123035}
  m_BlendShapeWeights: []
  m_RootBone: {fileID: 754784517392412006}
  m_AABB:
    m_Center: {x: -4.4412394, y: 0.088247776, z: -0.00015509129}
    m_Extent: {x: 4.252837, y: 6.6933265, z: 2.234747}
  m_DirtyAABB: 0
--- !u!1 &2726847328600961028
GameObject:
  m_ObjectHideFlags: 0
  m_CorrespondingSourceObject: {fileID: 0}
  m_PrefabInstance: {fileID: 0}
  m_PrefabAsset: {fileID: 0}
  serializedVersion: 6
  m_Component:
  - component: {fileID: 7114607670010362959}
  m_Layer: 0
  m_Name: Discus01_spine_fin5
  m_TagString: Untagged
  m_Icon: {fileID: 0}
  m_NavMeshLayer: 0
  m_StaticEditorFlags: 0
  m_IsActive: 1
--- !u!4 &7114607670010362959
Transform:
  m_ObjectHideFlags: 0
  m_CorrespondingSourceObject: {fileID: 0}
  m_PrefabInstance: {fileID: 0}
  m_PrefabAsset: {fileID: 0}
  m_GameObject: {fileID: 2726847328600961028}
  serializedVersion: 2
  m_LocalRotation: {x: -0.011158343, y: -0.05057496, z: -0.21515922, w: 0.9752047}
  m_LocalPosition: {x: -0.9759105, y: 3.7615628, z: 5.5511148e-18}
  m_LocalScale: {x: 1, y: 1, z: 1}
  m_ConstrainProportionsScale: 0
  m_Children:
  - {fileID: 5234595229456734015}
  m_Father: {fileID: 5416868342454655513}
  m_LocalEulerAnglesHint: {x: 0, y: 0, z: 0}
--- !u!1 &3096135134436323715
GameObject:
  m_ObjectHideFlags: 0
  m_CorrespondingSourceObject: {fileID: 0}
  m_PrefabInstance: {fileID: 0}
  m_PrefabAsset: {fileID: 0}
  serializedVersion: 6
  m_Component:
  - component: {fileID: 2318796327771763991}
  m_Layer: 0
  m_Name: Discus01_fin_pectoral4
  m_TagString: Untagged
  m_Icon: {fileID: 0}
  m_NavMeshLayer: 0
  m_StaticEditorFlags: 0
  m_IsActive: 1
--- !u!4 &2318796327771763991
Transform:
  m_ObjectHideFlags: 0
  m_CorrespondingSourceObject: {fileID: 0}
  m_PrefabInstance: {fileID: 0}
  m_PrefabAsset: {fileID: 0}
  m_GameObject: {fileID: 3096135134436323715}
  serializedVersion: 2
  m_LocalRotation: {x: 0.005591958, y: -0.0247867, z: 0.22000112, w: 0.97516865}
  m_LocalPosition: {x: -0.8404319, y: -2.5559564, z: -5.933221e-17}
  m_LocalScale: {x: 1, y: 1, z: 1}
  m_ConstrainProportionsScale: 0
  m_Children:
  - {fileID: 9185321650394528725}
  m_Father: {fileID: 445269042867242212}
  m_LocalEulerAnglesHint: {x: 0, y: 0, z: 0}
--- !u!1 &3219294636752099773
GameObject:
  m_ObjectHideFlags: 0
  m_CorrespondingSourceObject: {fileID: 0}
  m_PrefabInstance: {fileID: 0}
  m_PrefabAsset: {fileID: 0}
  serializedVersion: 6
  m_Component:
  - component: {fileID: 4543710090202756143}
  m_Layer: 0
  m_Name: Discus01_spine_fin4_tip
  m_TagString: Untagged
  m_Icon: {fileID: 0}
  m_NavMeshLayer: 0
  m_StaticEditorFlags: 0
  m_IsActive: 1
--- !u!4 &4543710090202756143
Transform:
  m_ObjectHideFlags: 0
  m_CorrespondingSourceObject: {fileID: 0}
  m_PrefabInstance: {fileID: 0}
  m_PrefabAsset: {fileID: 0}
  m_GameObject: {fileID: 3219294636752099773}
  serializedVersion: 2
  m_LocalRotation: {x: 0, y: -0, z: -0, w: 1}
  m_LocalPosition: {x: -1.8387929, y: 0.29602852, z: -2.7728677e-17}
  m_LocalScale: {x: 1, y: 1, z: 1}
  m_ConstrainProportionsScale: 0
  m_Children: []
  m_Father: {fileID: 8657241521990485640}
  m_LocalEulerAnglesHint: {x: 0, y: 0, z: 0}
--- !u!1 &3364291913693462173
GameObject:
  m_ObjectHideFlags: 0
  m_CorrespondingSourceObject: {fileID: 0}
  m_PrefabInstance: {fileID: 0}
  m_PrefabAsset: {fileID: 0}
  serializedVersion: 6
  m_Component:
  - component: {fileID: 3463565641947165474}
  m_Layer: 0
  m_Name: Discus01_tail_1
  m_TagString: Untagged
  m_Icon: {fileID: 0}
  m_NavMeshLayer: 0
  m_StaticEditorFlags: 0
  m_IsActive: 1
--- !u!4 &3463565641947165474
Transform:
  m_ObjectHideFlags: 0
  m_CorrespondingSourceObject: {fileID: 0}
  m_PrefabInstance: {fileID: 0}
  m_PrefabAsset: {fileID: 0}
  m_GameObject: {fileID: 3364291913693462173}
  serializedVersion: 2
  m_LocalRotation: {x: 0.012447385, y: -0.038331416, z: 0.12717937, w: 0.9910607}
  m_LocalPosition: {x: -1.33853, y: -0.38476548, z: -8.3401146e-16}
  m_LocalScale: {x: 1, y: 1, z: 1}
  m_ConstrainProportionsScale: 0
  m_Children:
  - {fileID: 3986605031168764620}
  m_Father: {fileID: 6308801245086687929}
  m_LocalEulerAnglesHint: {x: 0, y: 0, z: 0}
--- !u!1 &3769761638634185276
GameObject:
  m_ObjectHideFlags: 0
  m_CorrespondingSourceObject: {fileID: 0}
  m_PrefabInstance: {fileID: 0}
  m_PrefabAsset: {fileID: 0}
  serializedVersion: 6
  m_Component:
  - component: {fileID: 2849638809420830688}
  - component: {fileID: 2179831728296394270}
  m_Layer: 0
  m_Name: Discus01__body
  m_TagString: Untagged
  m_Icon: {fileID: 0}
  m_NavMeshLayer: 0
  m_StaticEditorFlags: 0
  m_IsActive: 1
--- !u!4 &2849638809420830688
Transform:
  m_ObjectHideFlags: 0
  m_CorrespondingSourceObject: {fileID: 0}
  m_PrefabInstance: {fileID: 0}
  m_PrefabAsset: {fileID: 0}
  m_GameObject: {fileID: 3769761638634185276}
  serializedVersion: 2
  m_LocalRotation: {x: 0, y: -0, z: -0, w: 1}
  m_LocalPosition: {x: -0, y: 0, z: 0}
  m_LocalScale: {x: 1, y: 1, z: 1}
  m_ConstrainProportionsScale: 0
  m_Children: []
  m_Father: {fileID: 2044257875654491001}
  m_LocalEulerAnglesHint: {x: 0, y: 0, z: 0}
--- !u!137 &2179831728296394270
SkinnedMeshRenderer:
  m_ObjectHideFlags: 0
  m_CorrespondingSourceObject: {fileID: 0}
  m_PrefabInstance: {fileID: 0}
  m_PrefabAsset: {fileID: 0}
  m_GameObject: {fileID: 3769761638634185276}
  m_Enabled: 1
  m_CastShadows: 1
  m_ReceiveShadows: 1
  m_DynamicOccludee: 1
  m_StaticShadowCaster: 0
  m_MotionVectors: 1
  m_LightProbeUsage: 1
  m_ReflectionProbeUsage: 1
  m_RayTracingMode: 3
  m_RayTraceProcedural: 0
  m_RenderingLayerMask: 1
  m_RendererPriority: 0
  m_Materials:
  - {fileID: 2100000, guid: b8c02f67718f2864ea259198ef585c99, type: 2}
  m_StaticBatchInfo:
    firstSubMesh: 0
    subMeshCount: 0
  m_StaticBatchRoot: {fileID: 0}
  m_ProbeAnchor: {fileID: 0}
  m_LightProbeVolumeOverride: {fileID: 0}
  m_ScaleInLightmap: 1
  m_ReceiveGI: 1
  m_PreserveUVs: 0
  m_IgnoreNormalsForChartDetection: 0
  m_ImportantGI: 0
  m_StitchLightmapSeams: 1
  m_SelectedEditorRenderState: 3
  m_MinimumChartSize: 4
  m_AutoUVMaxDistance: 0.5
  m_AutoUVMaxAngle: 89
  m_LightmapParameters: {fileID: 0}
  m_SortingLayerID: 0
  m_SortingLayer: 0
  m_SortingOrder: 0
  serializedVersion: 2
  m_Quality: 0
  m_UpdateWhenOffscreen: 0
  m_SkinnedMotionVectors: 1
  m_Mesh: {fileID: 4148968465494179629, guid: d78eac9f692777c49a865108cb23a03f, type: 3}
  m_Bones:
  - {fileID: 754784517392412006}
  - {fileID: 3007094643902611529}
  - {fileID: 8042677700755671219}
  - {fileID: 3629822487929924004}
  - {fileID: 5416868342454655513}
  - {fileID: 445269042867242212}
  - {fileID: 6308801245086687929}
  - {fileID: 3463565641947165474}
  - {fileID: 3986605031168764620}
  - {fileID: 4943984704287031985}
  - {fileID: 2713354757901643785}
  - {fileID: 5338675517431765037}
  - {fileID: 8014276216198011195}
  - {fileID: 6621387728902991496}
  - {fileID: 2312277084047548837}
  - {fileID: 8176904851974838048}
  - {fileID: 4374993121451196529}
  - {fileID: 5774788116920672613}
  - {fileID: 443926183827800618}
  - {fileID: 8371301968328853044}
  - {fileID: 2111528454709110474}
  - {fileID: 1916505053448718366}
  - {fileID: 8867531693070821328}
  - {fileID: 4655333613931161315}
  - {fileID: 2132384966276274171}
  - {fileID: 5380715324249070261}
  - {fileID: 3519257563962600257}
  - {fileID: 8362203249704713391}
  - {fileID: 2318796327771763991}
  - {fileID: 9185321650394528725}
  - {fileID: 8657241521990485640}
  - {fileID: 4543710090202756143}
  - {fileID: 7114607670010362959}
  - {fileID: 5234595229456734015}
  - {fileID: 3782783289013674143}
  - {fileID: 7384305760122565631}
  - {fileID: 7007291914135016745}
  - {fileID: 1678959771775555481}
  - {fileID: 2769822477001461526}
  - {fileID: 5186859237845218088}
  - {fileID: 8075035981267290462}
  - {fileID: 2648032682288331713}
  - {fileID: 3681441361123166811}
  - {fileID: 5473046189531127348}
  - {fileID: 6389814262758044776}
  - {fileID: 6120724030460746065}
  - {fileID: 533554874566788408}
  - {fileID: 5149755966369384600}
  - {fileID: 2994764676837615290}
  - {fileID: 3723293169425630544}
  - {fileID: 5516393470393356671}
  - {fileID: 1947820335293262129}
  - {fileID: 3336969663730597621}
  - {fileID: 2425619005718501492}
  - {fileID: 4642862051623236983}
  - {fileID: 5425024529523102786}
  - {fileID: 3361412440892044001}
  - {fileID: 234415598367428813}
  - {fileID: 6473367074184110273}
  - {fileID: 817851694069570634}
  - {fileID: 2888812459142648676}
  - {fileID: 2284487748966015392}
  - {fileID: 8124591037740573657}
  - {fileID: 8816192021965833430}
  - {fileID: 993933943244407420}
  - {fileID: 2195149725842753051}
  - {fileID: 845712065953304048}
  - {fileID: 2375395865517688599}
  - {fileID: 6742877957692527324}
  - {fileID: 2950745346488554866}
  - {fileID: 6649233918925058106}
  - {fileID: 2988890446678284659}
  - {fileID: 175610237705252188}
  - {fileID: 4114806387311484393}
  - {fileID: 1359088658245844616}
  - {fileID: 6470095579503502633}
  - {fileID: 4797917037480857014}
  - {fileID: 1294896697913123035}
  m_BlendShapeWeights: []
  m_RootBone: {fileID: 754784517392412006}
  m_AABB:
    m_Center: {x: -2.4776452, y: -0.09299064, z: 0.43518108}
    m_Extent: {x: 4.3854256, y: 4.6490173, z: 1.7157674}
  m_DirtyAABB: 0
--- !u!1 &3783026229238498304
GameObject:
  m_ObjectHideFlags: 0
  m_CorrespondingSourceObject: {fileID: 0}
  m_PrefabInstance: {fileID: 0}
  m_PrefabAsset: {fileID: 0}
  serializedVersion: 6
  m_Component:
  - component: {fileID: 2950745346488554866}
  m_Layer: 0
  m_Name: Discus01_fin_pectoralFront_r_4
  m_TagString: Untagged
  m_Icon: {fileID: 0}
  m_NavMeshLayer: 0
  m_StaticEditorFlags: 0
  m_IsActive: 1
--- !u!4 &2950745346488554866
Transform:
  m_ObjectHideFlags: 0
  m_CorrespondingSourceObject: {fileID: 0}
  m_PrefabInstance: {fileID: 0}
  m_PrefabAsset: {fileID: 0}
  m_GameObject: {fileID: 3783026229238498304}
  serializedVersion: 2
  m_LocalRotation: {x: -0.013884789, y: -0.028425138, z: -0.016381316, w: 0.99936527}
  m_LocalPosition: {x: -1.2986797, y: 0.040480435, z: 0.033337247}
  m_LocalScale: {x: 1, y: 1, z: 1}
  m_ConstrainProportionsScale: 0
  m_Children:
  - {fileID: 6649233918925058106}
  m_Father: {fileID: 6742877957692527324}
  m_LocalEulerAnglesHint: {x: 0, y: 0, z: 0}
--- !u!1 &3820373525615200345
GameObject:
  m_ObjectHideFlags: 0
  m_CorrespondingSourceObject: {fileID: 0}
  m_PrefabInstance: {fileID: 0}
  m_PrefabAsset: {fileID: 0}
  serializedVersion: 6
  m_Component:
  - component: {fileID: 6621387728902991496}
  m_Layer: 0
  m_Name: Discus01_spine_fin7_3
  m_TagString: Untagged
  m_Icon: {fileID: 0}
  m_NavMeshLayer: 0
  m_StaticEditorFlags: 0
  m_IsActive: 1
--- !u!4 &6621387728902991496
Transform:
  m_ObjectHideFlags: 0
  m_CorrespondingSourceObject: {fileID: 0}
  m_PrefabInstance: {fileID: 0}
  m_PrefabAsset: {fileID: 0}
  m_GameObject: {fileID: 3820373525615200345}
  serializedVersion: 2
  m_LocalRotation: {x: 0, y: 0, z: 0.12243401, w: 0.99247664}
  m_LocalPosition: {x: -0.9978459, y: 0.030362863, z: 2.903782e-18}
  m_LocalScale: {x: 1, y: 1, z: 1}
  m_ConstrainProportionsScale: 0
  m_Children: []
  m_Father: {fileID: 8014276216198011195}
  m_LocalEulerAnglesHint: {x: 0, y: 0, z: 0}
--- !u!1 &3844823188048730058
GameObject:
  m_ObjectHideFlags: 0
  m_CorrespondingSourceObject: {fileID: 0}
  m_PrefabInstance: {fileID: 0}
  m_PrefabAsset: {fileID: 0}
  serializedVersion: 6
  m_Component:
  - component: {fileID: 3782783289013674143}
  m_Layer: 0
  m_Name: Discus01_fin_pectoral2
  m_TagString: Untagged
  m_Icon: {fileID: 0}
  m_NavMeshLayer: 0
  m_StaticEditorFlags: 0
  m_IsActive: 1
--- !u!4 &3782783289013674143
Transform:
  m_ObjectHideFlags: 0
  m_CorrespondingSourceObject: {fileID: 0}
  m_PrefabInstance: {fileID: 0}
  m_PrefabAsset: {fileID: 0}
  m_GameObject: {fileID: 3844823188048730058}
  serializedVersion: 2
  m_LocalRotation: {x: 0.002165453, y: -0.004500136, z: 0.4336023, w: 0.9010905}
  m_LocalPosition: {x: -0.118679516, y: -3.4017637, z: 0.027444156}
  m_LocalScale: {x: 1, y: 1, z: 1}
  m_ConstrainProportionsScale: 0
  m_Children:
  - {fileID: 7384305760122565631}
  m_Father: {fileID: 5416868342454655513}
  m_LocalEulerAnglesHint: {x: 0, y: 0, z: 0}
--- !u!1 &3870950094573899470
GameObject:
  m_ObjectHideFlags: 0
  m_CorrespondingSourceObject: {fileID: 0}
  m_PrefabInstance: {fileID: 0}
  m_PrefabAsset: {fileID: 0}
  serializedVersion: 6
  m_Component:
  - component: {fileID: 5416868342454655513}
  m_Layer: 0
  m_Name: Discus01_spine_2
  m_TagString: Untagged
  m_Icon: {fileID: 0}
  m_NavMeshLayer: 0
  m_StaticEditorFlags: 0
  m_IsActive: 1
--- !u!4 &5416868342454655513
Transform:
  m_ObjectHideFlags: 0
  m_CorrespondingSourceObject: {fileID: 0}
  m_PrefabInstance: {fileID: 0}
  m_PrefabAsset: {fileID: 0}
  m_GameObject: {fileID: 3870950094573899470}
  serializedVersion: 2
  m_LocalRotation: {x: 0.006428028, y: 0.004828322, z: -0.000031037594, w: 0.9999677}
  m_LocalPosition: {x: -0.99999994, y: 0, z: -1.2212452e-16}
  m_LocalScale: {x: 1, y: 1, z: 1}
  m_ConstrainProportionsScale: 0
  m_Children:
  - {fileID: 3782783289013674143}
  - {fileID: 445269042867242212}
  - {fileID: 8657241521990485640}
  - {fileID: 7114607670010362959}
  m_Father: {fileID: 3629822487929924004}
  m_LocalEulerAnglesHint: {x: 0, y: 0, z: 0}
--- !u!1 &3989990953204502768
GameObject:
  m_ObjectHideFlags: 0
  m_CorrespondingSourceObject: {fileID: 0}
  m_PrefabInstance: {fileID: 0}
  m_PrefabAsset: {fileID: 0}
  serializedVersion: 6
  m_Component:
  - component: {fileID: 8124591037740573657}
  m_Layer: 0
  m_Name: Discus01_fin_l_3_tip
  m_TagString: Untagged
  m_Icon: {fileID: 0}
  m_NavMeshLayer: 0
  m_StaticEditorFlags: 0
  m_IsActive: 1
--- !u!4 &8124591037740573657
Transform:
  m_ObjectHideFlags: 0
  m_CorrespondingSourceObject: {fileID: 0}
  m_PrefabInstance: {fileID: 0}
  m_PrefabAsset: {fileID: 0}
  m_GameObject: {fileID: 3989990953204502768}
  serializedVersion: 2
  m_LocalRotation: {x: -0.09308018, y: -0.7009537, z: -0.09308018, w: 0.7009537}
  m_LocalPosition: {x: -1.740046, y: 0.17353933, z: 0.051802702}
  m_LocalScale: {x: 1, y: 1, z: 1}
  m_ConstrainProportionsScale: 0
  m_Children: []
  m_Father: {fileID: 2284487748966015392}
  m_LocalEulerAnglesHint: {x: 0, y: 0, z: 0}
--- !u!1 &4106569401359039742
GameObject:
  m_ObjectHideFlags: 0
  m_CorrespondingSourceObject: {fileID: 0}
  m_PrefabInstance: {fileID: 0}
  m_PrefabAsset: {fileID: 0}
  serializedVersion: 6
  m_Component:
  - component: {fileID: 5774788116920672613}
  m_Layer: 0
  m_Name: Discus01_fin_pectoral5
  m_TagString: Untagged
  m_Icon: {fileID: 0}
  m_NavMeshLayer: 0
  m_StaticEditorFlags: 0
  m_IsActive: 1
--- !u!4 &5774788116920672613
Transform:
  m_ObjectHideFlags: 0
  m_CorrespondingSourceObject: {fileID: 0}
  m_PrefabInstance: {fileID: 0}
  m_PrefabAsset: {fileID: 0}
  m_GameObject: {fileID: 4106569401359039742}
  serializedVersion: 2
  m_LocalRotation: {x: 0.008809386, y: -0.026494503, z: 0.3153918, w: 0.9485507}
  m_LocalPosition: {x: -0.010231391, y: -2.0340734, z: -6.221068e-17}
  m_LocalScale: {x: 1, y: 1, z: 1}
  m_ConstrainProportionsScale: 0
  m_Children:
  - {fileID: 443926183827800618}
  m_Father: {fileID: 6308801245086687929}
  m_LocalEulerAnglesHint: {x: 0, y: 0, z: 0}
--- !u!1 &4112146386050227218
GameObject:
  m_ObjectHideFlags: 0
  m_CorrespondingSourceObject: {fileID: 0}
  m_PrefabInstance: {fileID: 0}
  m_PrefabAsset: {fileID: 0}
  serializedVersion: 6
  m_Component:
  - component: {fileID: 6473367074184110273}
  m_Layer: 0
  m_Name: Discus01_fin_l_1_tip
  m_TagString: Untagged
  m_Icon: {fileID: 0}
  m_NavMeshLayer: 0
  m_StaticEditorFlags: 0
  m_IsActive: 1
--- !u!4 &6473367074184110273
Transform:
  m_ObjectHideFlags: 0
  m_CorrespondingSourceObject: {fileID: 0}
  m_PrefabInstance: {fileID: 0}
  m_PrefabAsset: {fileID: 0}
  m_GameObject: {fileID: 4112146386050227218}
  serializedVersion: 2
  m_LocalRotation: {x: 0.102717385, y: -0.6996064, z: 0.102717385, w: 0.6996064}
  m_LocalPosition: {x: -2.5041113, y: 0.13392818, z: 0.09602804}
  m_LocalScale: {x: 1, y: 1, z: 1}
  m_ConstrainProportionsScale: 0
  m_Children: []
  m_Father: {fileID: 234415598367428813}
  m_LocalEulerAnglesHint: {x: 0, y: 0, z: 0}
--- !u!1 &4130241553763811335
GameObject:
  m_ObjectHideFlags: 0
  m_CorrespondingSourceObject: {fileID: 0}
  m_PrefabInstance: {fileID: 0}
  m_PrefabAsset: {fileID: 0}
  serializedVersion: 6
  m_Component:
  - component: {fileID: 3681441361123166811}
  m_Layer: 0
  m_Name: Discus01_head
  m_TagString: Untagged
  m_Icon: {fileID: 0}
  m_NavMeshLayer: 0
  m_StaticEditorFlags: 0
  m_IsActive: 1
--- !u!4 &3681441361123166811
Transform:
  m_ObjectHideFlags: 0
  m_CorrespondingSourceObject: {fileID: 0}
  m_PrefabInstance: {fileID: 0}
  m_PrefabAsset: {fileID: 0}
  m_GameObject: {fileID: 4130241553763811335}
  serializedVersion: 2
  m_LocalRotation: {x: 0.05464643, y: 0.70090747, z: 0.058085866, w: 0.7087796}
  m_LocalPosition: {x: 0.060255226, y: 3.5527135e-16, z: 3.5527135e-16}
  m_LocalScale: {x: 1, y: 1, z: 1}
  m_ConstrainProportionsScale: 0
  m_Children:
  - {fileID: 5473046189531127348}
  - {fileID: 6389814262758044776}
  - {fileID: 6120724030460746065}
  m_Father: {fileID: 754784517392412006}
  m_LocalEulerAnglesHint: {x: 0, y: 0, z: 0}
--- !u!1 &4132528432110939598
GameObject:
  m_ObjectHideFlags: 0
  m_CorrespondingSourceObject: {fileID: 0}
  m_PrefabInstance: {fileID: 0}
  m_PrefabAsset: {fileID: 0}
  serializedVersion: 6
  m_Component:
  - component: {fileID: 4114806387311484393}
  m_Layer: 0
  m_Name: Discus01_fin_pectoralFront_l_2
  m_TagString: Untagged
  m_Icon: {fileID: 0}
  m_NavMeshLayer: 0
  m_StaticEditorFlags: 0
  m_IsActive: 1
--- !u!4 &4114806387311484393
Transform:
  m_ObjectHideFlags: 0
  m_CorrespondingSourceObject: {fileID: 0}
  m_PrefabInstance: {fileID: 0}
  m_PrefabAsset: {fileID: 0}
  m_GameObject: {fileID: 4132528432110939598}
  serializedVersion: 2
  m_LocalRotation: {x: -0.007673815, y: -0.05269971, z: -0.047769792, w: 0.9974377}
  m_LocalPosition: {x: -0.20965132, y: 0.08311846, z: 0.017493278}
  m_LocalScale: {x: 1, y: 1, z: 1}
  m_ConstrainProportionsScale: 0
  m_Children:
  - {fileID: 1359088658245844616}
  m_Father: {fileID: 175610237705252188}
  m_LocalEulerAnglesHint: {x: 0, y: 0, z: 0}
--- !u!1 &4443650806070858017
GameObject:
  m_ObjectHideFlags: 0
  m_CorrespondingSourceObject: {fileID: 0}
  m_PrefabInstance: {fileID: 0}
  m_PrefabAsset: {fileID: 0}
  serializedVersion: 6
  m_Component:
  - component: {fileID: 845712065953304048}
  m_Layer: 0
  m_Name: Discus01_fin_pectoralFront_r_1
  m_TagString: Untagged
  m_Icon: {fileID: 0}
  m_NavMeshLayer: 0
  m_StaticEditorFlags: 0
  m_IsActive: 1
--- !u!4 &845712065953304048
Transform:
  m_ObjectHideFlags: 0
  m_CorrespondingSourceObject: {fileID: 0}
  m_PrefabInstance: {fileID: 0}
  m_PrefabAsset: {fileID: 0}
  m_GameObject: {fileID: 4443650806070858017}
  serializedVersion: 2
  m_LocalRotation: {x: 0.40922534, y: 0.9020273, z: 0.027822185, w: 0.13456349}
  m_LocalPosition: {x: 0.3834746, y: -0.24898888, z: 0.3309278}
  m_LocalScale: {x: 1, y: 1, z: 1}
  m_ConstrainProportionsScale: 0
  m_Children:
  - {fileID: 2375395865517688599}
  m_Father: {fileID: 2195149725842753051}
  m_LocalEulerAnglesHint: {x: 0, y: 0, z: 0}
--- !u!1 &4534140773245843715
GameObject:
  m_ObjectHideFlags: 0
  m_CorrespondingSourceObject: {fileID: 0}
  m_PrefabInstance: {fileID: 0}
  m_PrefabAsset: {fileID: 0}
  serializedVersion: 6
  m_Component:
  - component: {fileID: 1947820335293262129}
  m_Layer: 0
  m_Name: Discus01_fin_r_4_tip
  m_TagString: Untagged
  m_Icon: {fileID: 0}
  m_NavMeshLayer: 0
  m_StaticEditorFlags: 0
  m_IsActive: 1
--- !u!4 &1947820335293262129
Transform:
  m_ObjectHideFlags: 0
  m_CorrespondingSourceObject: {fileID: 0}
  m_PrefabInstance: {fileID: 0}
  m_PrefabAsset: {fileID: 0}
  m_GameObject: {fileID: 4534140773245843715}
  serializedVersion: 2
  m_LocalRotation: {x: 0.16313332, y: 0.6880316, z: -0.16313332, w: 0.6880316}
  m_LocalPosition: {x: -0.9236405, y: -0.1395476, z: 0.025894385}
  m_LocalScale: {x: 1, y: 1, z: 1}
  m_ConstrainProportionsScale: 0
  m_Children: []
  m_Father: {fileID: 5516393470393356671}
  m_LocalEulerAnglesHint: {x: 0, y: 0, z: 0}
--- !u!1 &4565211583035543488
GameObject:
  m_ObjectHideFlags: 0
  m_CorrespondingSourceObject: {fileID: 0}
  m_PrefabInstance: {fileID: 0}
  m_PrefabAsset: {fileID: 0}
  serializedVersion: 6
  m_Component:
  - component: {fileID: 5234595229456734015}
  m_Layer: 0
  m_Name: Discus01_spine_fin5_tip
  m_TagString: Untagged
  m_Icon: {fileID: 0}
  m_NavMeshLayer: 0
  m_StaticEditorFlags: 0
  m_IsActive: 1
--- !u!4 &5234595229456734015
Transform:
  m_ObjectHideFlags: 0
  m_CorrespondingSourceObject: {fileID: 0}
  m_PrefabInstance: {fileID: 0}
  m_PrefabAsset: {fileID: 0}
  m_GameObject: {fileID: 4565211583035543488}
  serializedVersion: 2
  m_LocalRotation: {x: 0, y: -0, z: -0, w: 1}
  m_LocalPosition: {x: -1.7986543, y: 0.424607, z: -3.0879665e-17}
  m_LocalScale: {x: 1, y: 1, z: 1}
  m_ConstrainProportionsScale: 0
  m_Children: []
  m_Father: {fileID: 7114607670010362959}
  m_LocalEulerAnglesHint: {x: 0, y: 0, z: 0}
--- !u!1 &4647600233631785427
GameObject:
  m_ObjectHideFlags: 0
  m_CorrespondingSourceObject: {fileID: 0}
  m_PrefabInstance: {fileID: 0}
  m_PrefabAsset: {fileID: 0}
  serializedVersion: 6
  m_Component:
  - component: {fileID: 2769822477001461526}
  m_Layer: 0
  m_Name: Discus01_spine_fin3
  m_TagString: Untagged
  m_Icon: {fileID: 0}
  m_NavMeshLayer: 0
  m_StaticEditorFlags: 0
  m_IsActive: 1
--- !u!4 &2769822477001461526
Transform:
  m_ObjectHideFlags: 0
  m_CorrespondingSourceObject: {fileID: 0}
  m_PrefabInstance: {fileID: 0}
  m_PrefabAsset: {fileID: 0}
  m_GameObject: {fileID: 4647600233631785427}
  serializedVersion: 2
  m_LocalRotation: {x: -0.010456336, y: -0.034291632, z: -0.29147834, w: 0.9559054}
  m_LocalPosition: {x: -0.57211983, y: 3.9771097, z: 5.5511148e-18}
  m_LocalScale: {x: 1, y: 1, z: 1}
  m_ConstrainProportionsScale: 0
  m_Children:
  - {fileID: 5186859237845218088}
  m_Father: {fileID: 3629822487929924004}
  m_LocalEulerAnglesHint: {x: 0, y: 0, z: 0}
--- !u!1 &4758829341676833361
GameObject:
  m_ObjectHideFlags: 0
  m_CorrespondingSourceObject: {fileID: 0}
  m_PrefabInstance: {fileID: 0}
  m_PrefabAsset: {fileID: 0}
  serializedVersion: 6
  m_Component:
  - component: {fileID: 175610237705252188}
  m_Layer: 0
  m_Name: Discus01_fin_pectoralFront_l_1
  m_TagString: Untagged
  m_Icon: {fileID: 0}
  m_NavMeshLayer: 0
  m_StaticEditorFlags: 0
  m_IsActive: 1
--- !u!4 &175610237705252188
Transform:
  m_ObjectHideFlags: 0
  m_CorrespondingSourceObject: {fileID: 0}
  m_PrefabInstance: {fileID: 0}
  m_PrefabAsset: {fileID: 0}
  m_GameObject: {fileID: 4758829341676833361}
  serializedVersion: 2
  m_LocalRotation: {x: 0.43198738, y: 0.87734914, z: 0.007553689, w: -0.20877828}
  m_LocalPosition: {x: 0.4032374, y: -0.25264165, z: -0.30574247}
  m_LocalScale: {x: 1, y: 1, z: 1}
  m_ConstrainProportionsScale: 0
  m_Children:
  - {fileID: 4114806387311484393}
  m_Father: {fileID: 2195149725842753051}
  m_LocalEulerAnglesHint: {x: 0, y: 0, z: 0}
--- !u!1 &4893157151398535758
GameObject:
  m_ObjectHideFlags: 0
  m_CorrespondingSourceObject: {fileID: 0}
  m_PrefabInstance: {fileID: 0}
  m_PrefabAsset: {fileID: 0}
  serializedVersion: 6
  m_Component:
  - component: {fileID: 2111528454709110474}
  m_Layer: 0
  m_Name: Discus01_fin_pectoral6
  m_TagString: Untagged
  m_Icon: {fileID: 0}
  m_NavMeshLayer: 0
  m_StaticEditorFlags: 0
  m_IsActive: 1
--- !u!4 &2111528454709110474
Transform:
  m_ObjectHideFlags: 0
  m_CorrespondingSourceObject: {fileID: 0}
  m_PrefabInstance: {fileID: 0}
  m_PrefabAsset: {fileID: 0}
  m_GameObject: {fileID: 4893157151398535758}
  serializedVersion: 2
  m_LocalRotation: {x: -0.08020686, y: -0.09630992, z: 0.55946016, w: 0.8193263}
  m_LocalPosition: {x: -0.6665201, y: -1.6284683, z: -5.3566764e-17}
  m_LocalScale: {x: 1, y: 1, z: 1}
  m_ConstrainProportionsScale: 0
  m_Children:
  - {fileID: 1916505053448718366}
  m_Father: {fileID: 6308801245086687929}
  m_LocalEulerAnglesHint: {x: 0, y: 0, z: 0}
--- !u!1 &5057306283594055443
GameObject:
  m_ObjectHideFlags: 0
  m_CorrespondingSourceObject: {fileID: 0}
  m_PrefabInstance: {fileID: 0}
  m_PrefabAsset: {fileID: 0}
  serializedVersion: 6
  m_Component:
  - component: {fileID: 3336969663730597621}
  m_Layer: 0
  m_Name: Discus01_fin_r_3
  m_TagString: Untagged
  m_Icon: {fileID: 0}
  m_NavMeshLayer: 0
  m_StaticEditorFlags: 0
  m_IsActive: 1
--- !u!4 &3336969663730597621
Transform:
  m_ObjectHideFlags: 0
  m_CorrespondingSourceObject: {fileID: 0}
  m_PrefabInstance: {fileID: 0}
  m_PrefabAsset: {fileID: 0}
  m_GameObject: {fileID: 5057306283594055443}
  serializedVersion: 2
  m_LocalRotation: {x: -0.1055729, y: 0.3270693, z: 0.46781623, w: 0.8142653}
  m_LocalPosition: {x: 0.010270004, y: -0.13220206, z: 0.12537012}
  m_LocalScale: {x: 1, y: 1, z: 1}
  m_ConstrainProportionsScale: 0
  m_Children:
  - {fileID: 2425619005718501492}
  m_Father: {fileID: 5149755966369384600}
  m_LocalEulerAnglesHint: {x: 0, y: 0, z: 0}
--- !u!1 &5219416045686266796
GameObject:
  m_ObjectHideFlags: 0
  m_CorrespondingSourceObject: {fileID: 0}
  m_PrefabInstance: {fileID: 0}
  m_PrefabAsset: {fileID: 0}
  serializedVersion: 6
  m_Component:
  - component: {fileID: 1916505053448718366}
  m_Layer: 0
  m_Name: Discus01_fin_pectoral6_2
  m_TagString: Untagged
  m_Icon: {fileID: 0}
  m_NavMeshLayer: 0
  m_StaticEditorFlags: 0
  m_IsActive: 1
--- !u!4 &1916505053448718366
Transform:
  m_ObjectHideFlags: 0
  m_CorrespondingSourceObject: {fileID: 0}
  m_PrefabInstance: {fileID: 0}
  m_PrefabAsset: {fileID: 0}
  m_GameObject: {fileID: 5219416045686266796}
  serializedVersion: 2
  m_LocalRotation: {x: -0.0035272816, y: -0.08155387, z: -0.04306634, w: 0.99573183}
  m_LocalPosition: {x: -1.1183194, y: 0.13343288, z: -1.5124733e-17}
  m_LocalScale: {x: 1, y: 1, z: 1}
  m_ConstrainProportionsScale: 0
  m_Children:
  - {fileID: 8867531693070821328}
  m_Father: {fileID: 2111528454709110474}
  m_LocalEulerAnglesHint: {x: 0, y: 0, z: 0}
--- !u!1 &5281682939720462903
GameObject:
  m_ObjectHideFlags: 0
  m_CorrespondingSourceObject: {fileID: 0}
  m_PrefabInstance: {fileID: 0}
  m_PrefabAsset: {fileID: 0}
  serializedVersion: 6
  m_Component:
  - component: {fileID: 6308801245086687929}
  m_Layer: 0
  m_Name: Discus01_spine_4
  m_TagString: Untagged
  m_Icon: {fileID: 0}
  m_NavMeshLayer: 0
  m_StaticEditorFlags: 0
  m_IsActive: 1
--- !u!4 &6308801245086687929
Transform:
  m_ObjectHideFlags: 0
  m_CorrespondingSourceObject: {fileID: 0}
  m_PrefabInstance: {fileID: 0}
  m_PrefabAsset: {fileID: 0}
  m_GameObject: {fileID: 5281682939720462903}
  serializedVersion: 2
  m_LocalRotation: {x: 0.0064020576, y: -0.02440185, z: -0.1267288, w: 0.99161655}
  m_LocalPosition: {x: -0.99999994, y: 0, z: -1.1657341e-16}
  m_LocalScale: {x: 1, y: 1, z: 1}
  m_ConstrainProportionsScale: 0
  m_Children:
  - {fileID: 5774788116920672613}
  - {fileID: 2111528454709110474}
  - {fileID: 5338675517431765037}
  - {fileID: 2312277084047548837}
  - {fileID: 3463565641947165474}
  m_Father: {fileID: 445269042867242212}
  m_LocalEulerAnglesHint: {x: 0, y: 0, z: 0}
--- !u!1 &5476651942374644500
GameObject:
  m_ObjectHideFlags: 0
  m_CorrespondingSourceObject: {fileID: 0}
  m_PrefabInstance: {fileID: 0}
  m_PrefabAsset: {fileID: 0}
  serializedVersion: 6
  m_Component:
  - component: {fileID: 2375395865517688599}
  m_Layer: 0
  m_Name: Discus01_fin_pectoralFront_r_2
  m_TagString: Untagged
  m_Icon: {fileID: 0}
  m_NavMeshLayer: 0
  m_StaticEditorFlags: 0
  m_IsActive: 1
--- !u!4 &2375395865517688599
Transform:
  m_ObjectHideFlags: 0
  m_CorrespondingSourceObject: {fileID: 0}
  m_PrefabInstance: {fileID: 0}
  m_PrefabAsset: {fileID: 0}
  m_GameObject: {fileID: 5476651942374644500}
  serializedVersion: 2
  m_LocalRotation: {x: 0.0068819253, y: 0.034016203, z: -0.050434206, w: 0.99812424}
  m_LocalPosition: {x: -0.20877443, y: 0.08077726, z: 0.010728277}
  m_LocalScale: {x: 1, y: 1, z: 1}
  m_ConstrainProportionsScale: 0
  m_Children:
  - {fileID: 6742877957692527324}
  m_Father: {fileID: 845712065953304048}
  m_LocalEulerAnglesHint: {x: 0, y: 0, z: 0}
--- !u!1 &5510631838300558260
GameObject:
  m_ObjectHideFlags: 0
  m_CorrespondingSourceObject: {fileID: 0}
  m_PrefabInstance: {fileID: 0}
  m_PrefabAsset: {fileID: 0}
  serializedVersion: 6
  m_Component:
  - component: {fileID: 3519257563962600257}
  m_Layer: 0
  m_Name: Discus01_fin_pectoral3
  m_TagString: Untagged
  m_Icon: {fileID: 0}
  m_NavMeshLayer: 0
  m_StaticEditorFlags: 0
  m_IsActive: 1
--- !u!4 &3519257563962600257
Transform:
  m_ObjectHideFlags: 0
  m_CorrespondingSourceObject: {fileID: 0}
  m_PrefabInstance: {fileID: 0}
  m_PrefabAsset: {fileID: 0}
  m_GameObject: {fileID: 5510631838300558260}
  serializedVersion: 2
  m_LocalRotation: {x: 0.0051673404, y: -0.016084753, z: 0.30581754, w: 0.95194024}
  m_LocalPosition: {x: -0.18133458, y: -3.1341357, z: -6.059193e-17}
  m_LocalScale: {x: 1, y: 1, z: 1}
  m_ConstrainProportionsScale: 0
  m_Children:
  - {fileID: 8362203249704713391}
  m_Father: {fileID: 445269042867242212}
  m_LocalEulerAnglesHint: {x: 0, y: 0, z: 0}
--- !u!1 &5532305387778453931
GameObject:
  m_ObjectHideFlags: 0
  m_CorrespondingSourceObject: {fileID: 0}
  m_PrefabInstance: {fileID: 0}
  m_PrefabAsset: {fileID: 0}
  serializedVersion: 6
  m_Component:
  - component: {fileID: 8657241521990485640}
  m_Layer: 0
  m_Name: Discus01_spine_fin4
  m_TagString: Untagged
  m_Icon: {fileID: 0}
  m_NavMeshLayer: 0
  m_StaticEditorFlags: 0
  m_IsActive: 1
--- !u!4 &8657241521990485640
Transform:
  m_ObjectHideFlags: 0
  m_CorrespondingSourceObject: {fileID: 0}
  m_PrefabInstance: {fileID: 0}
  m_PrefabAsset: {fileID: 0}
  m_GameObject: {fileID: 5532305387778453931}
  serializedVersion: 2
  m_LocalRotation: {x: -0.012429264, y: -0.03362684, z: -0.3464752, w: 0.9373738}
  m_LocalPosition: {x: -0.2654676, y: 3.9705045, z: 5.5511148e-18}
  m_LocalScale: {x: 1, y: 1, z: 1}
  m_ConstrainProportionsScale: 0
  m_Children:
  - {fileID: 4543710090202756143}
  m_Father: {fileID: 5416868342454655513}
  m_LocalEulerAnglesHint: {x: 0, y: 0, z: 0}
--- !u!1 &5544778374922971604
GameObject:
  m_ObjectHideFlags: 0
  m_CorrespondingSourceObject: {fileID: 0}
  m_PrefabInstance: {fileID: 0}
  m_PrefabAsset: {fileID: 0}
  serializedVersion: 6
  m_Component:
  - component: {fileID: 8362203249704713391}
  m_Layer: 0
  m_Name: Discus01_fin_pectoral3_tip
  m_TagString: Untagged
  m_Icon: {fileID: 0}
  m_NavMeshLayer: 0
  m_StaticEditorFlags: 0
  m_IsActive: 1
--- !u!4 &8362203249704713391
Transform:
  m_ObjectHideFlags: 0
  m_CorrespondingSourceObject: {fileID: 0}
  m_PrefabInstance: {fileID: 0}
  m_PrefabAsset: {fileID: 0}
  m_GameObject: {fileID: 5544778374922971604}
  serializedVersion: 2
  m_LocalRotation: {x: 0, y: -0, z: -0, w: 1}
  m_LocalPosition: {x: -2.223825, y: -0.35274997, z: -2.7836388e-17}
  m_LocalScale: {x: 1, y: 1, z: 1}
  m_ConstrainProportionsScale: 0
  m_Children: []
  m_Father: {fileID: 3519257563962600257}
  m_LocalEulerAnglesHint: {x: 0, y: 0, z: 0}
--- !u!1 &5575703314294785908
GameObject:
  m_ObjectHideFlags: 0
  m_CorrespondingSourceObject: {fileID: 0}
  m_PrefabInstance: {fileID: 0}
  m_PrefabAsset: {fileID: 0}
  serializedVersion: 6
  m_Component:
  - component: {fileID: 5425024529523102786}
  m_Layer: 0
  m_Name: Discus01_fin_r_2_tip
  m_TagString: Untagged
  m_Icon: {fileID: 0}
  m_NavMeshLayer: 0
  m_StaticEditorFlags: 0
  m_IsActive: 1
--- !u!4 &5425024529523102786
Transform:
  m_ObjectHideFlags: 0
  m_CorrespondingSourceObject: {fileID: 0}
  m_PrefabInstance: {fileID: 0}
  m_PrefabAsset: {fileID: 0}
  m_GameObject: {fileID: 5575703314294785908}
  serializedVersion: 2
  m_LocalRotation: {x: -0.046439856, y: 0.7055802, z: 0.046439856, w: 0.7055802}
  m_LocalPosition: {x: -2.2758741, y: -0.098288186, z: 0.062100187}
  m_LocalScale: {x: 1, y: 1, z: 1}
  m_ConstrainProportionsScale: 0
  m_Children: []
  m_Father: {fileID: 4642862051623236983}
  m_LocalEulerAnglesHint: {x: 0, y: 0, z: 0}
--- !u!1 &5589823649543378900
GameObject:
  m_ObjectHideFlags: 0
  m_CorrespondingSourceObject: {fileID: 0}
  m_PrefabInstance: {fileID: 0}
  m_PrefabAsset: {fileID: 0}
  serializedVersion: 6
  m_Component:
  - component: {fileID: 993933943244407420}
  m_Layer: 0
  m_Name: Discus01_fin_l_4_tip
  m_TagString: Untagged
  m_Icon: {fileID: 0}
  m_NavMeshLayer: 0
  m_StaticEditorFlags: 0
  m_IsActive: 1
--- !u!4 &993933943244407420
Transform:
  m_ObjectHideFlags: 0
  m_CorrespondingSourceObject: {fileID: 0}
  m_PrefabInstance: {fileID: 0}
  m_PrefabAsset: {fileID: 0}
  m_GameObject: {fileID: 5589823649543378900}
  serializedVersion: 2
  m_LocalRotation: {x: -0.16313343, y: -0.6880316, z: -0.16313343, w: 0.6880316}
  m_LocalPosition: {x: -0.99661803, y: -0.10413669, z: 0.02403619}
  m_LocalScale: {x: 1, y: 1, z: 1}
  m_ConstrainProportionsScale: 0
  m_Children: []
  m_Father: {fileID: 8816192021965833430}
  m_LocalEulerAnglesHint: {x: 0, y: 0, z: 0}
--- !u!1 &5590640588391660969
GameObject:
  m_ObjectHideFlags: 0
  m_CorrespondingSourceObject: {fileID: 0}
  m_PrefabInstance: {fileID: 0}
  m_PrefabAsset: {fileID: 0}
  serializedVersion: 6
  m_Component:
  - component: {fileID: 5516393470393356671}
  m_Layer: 0
  m_Name: Discus01_fin_r_4
  m_TagString: Untagged
  m_Icon: {fileID: 0}
  m_NavMeshLayer: 0
  m_StaticEditorFlags: 0
  m_IsActive: 1
--- !u!4 &5516393470393356671
Transform:
  m_ObjectHideFlags: 0
  m_CorrespondingSourceObject: {fileID: 0}
  m_PrefabInstance: {fileID: 0}
  m_PrefabAsset: {fileID: 0}
  m_GameObject: {fileID: 5590640588391660969}
  serializedVersion: 2
  m_LocalRotation: {x: -0.05219458, y: 0.37153664, z: 0.57261163, w: 0.72893906}
  m_LocalPosition: {x: 0.110377185, y: -0.196452, z: 0.104353264}
  m_LocalScale: {x: 1, y: 1, z: 1}
  m_ConstrainProportionsScale: 0
  m_Children:
  - {fileID: 1947820335293262129}
  m_Father: {fileID: 5149755966369384600}
  m_LocalEulerAnglesHint: {x: 0, y: 0, z: 0}
--- !u!1 &5651045262933491946
GameObject:
  m_ObjectHideFlags: 0
  m_CorrespondingSourceObject: {fileID: 0}
  m_PrefabInstance: {fileID: 0}
  m_PrefabAsset: {fileID: 0}
  serializedVersion: 6
  m_Component:
  - component: {fileID: 817851694069570634}
  m_Layer: 0
  m_Name: Discus01_fin_l_2
  m_TagString: Untagged
  m_Icon: {fileID: 0}
  m_NavMeshLayer: 0
  m_StaticEditorFlags: 0
  m_IsActive: 1
--- !u!4 &817851694069570634
Transform:
  m_ObjectHideFlags: 0
  m_CorrespondingSourceObject: {fileID: 0}
  m_PrefabInstance: {fileID: 0}
  m_PrefabAsset: {fileID: 0}
  m_GameObject: {fileID: 5651045262933491946}
  serializedVersion: 2
  m_LocalRotation: {x: 0.16901343, y: -0.25144243, z: 0.4093741, w: 0.86059517}
  m_LocalPosition: {x: -0.14889154, y: -0.07685506, z: -0.10277449}
  m_LocalScale: {x: 1, y: 1, z: 1}
  m_ConstrainProportionsScale: 0
  m_Children:
  - {fileID: 2888812459142648676}
  m_Father: {fileID: 3361412440892044001}
  m_LocalEulerAnglesHint: {x: 0, y: 0, z: 0}
--- !u!1 &5754381132470957141
GameObject:
  m_ObjectHideFlags: 0
  m_CorrespondingSourceObject: {fileID: 0}
  m_PrefabInstance: {fileID: 0}
  m_PrefabAsset: {fileID: 0}
  serializedVersion: 6
  m_Component:
  - component: {fileID: 8176904851974838048}
  m_Layer: 0
  m_Name: Discus01_spine_fin8_2
  m_TagString: Untagged
  m_Icon: {fileID: 0}
  m_NavMeshLayer: 0
  m_StaticEditorFlags: 0
  m_IsActive: 1
--- !u!4 &8176904851974838048
Transform:
  m_ObjectHideFlags: 0
  m_CorrespondingSourceObject: {fileID: 0}
  m_PrefabInstance: {fileID: 0}
  m_PrefabAsset: {fileID: 0}
  m_GameObject: {fileID: 5754381132470957141}
  serializedVersion: 2
  m_LocalRotation: {x: 0.005008366, y: -0.07781675, z: 0.06403258, w: 0.99489665}
  m_LocalPosition: {x: -1.0460495, y: -7.105427e-16, z: -5.5511148e-18}
  m_LocalScale: {x: 1, y: 1, z: 1}
  m_ConstrainProportionsScale: 0
  m_Children:
  - {fileID: 4374993121451196529}
  m_Father: {fileID: 2312277084047548837}
  m_LocalEulerAnglesHint: {x: 0, y: 0, z: 0}
--- !u!1 &6400731879668272740
GameObject:
  m_ObjectHideFlags: 0
  m_CorrespondingSourceObject: {fileID: 0}
  m_PrefabInstance: {fileID: 0}
  m_PrefabAsset: {fileID: 0}
  serializedVersion: 6
  m_Component:
  - component: {fileID: 3723293169425630544}
  m_Layer: 0
  m_Name: Discus01_fin_r_1_tip
  m_TagString: Untagged
  m_Icon: {fileID: 0}
  m_NavMeshLayer: 0
  m_StaticEditorFlags: 0
  m_IsActive: 1
--- !u!4 &3723293169425630544
Transform:
  m_ObjectHideFlags: 0
  m_CorrespondingSourceObject: {fileID: 0}
  m_PrefabInstance: {fileID: 0}
  m_PrefabAsset: {fileID: 0}
  m_GameObject: {fileID: 6400731879668272740}
  serializedVersion: 2
  m_LocalRotation: {x: -0.10271734, y: 0.6996064, z: 0.10271734, w: 0.6996064}
  m_LocalPosition: {x: -2.4838567, y: 0.144646, z: 0.048354704}
  m_LocalScale: {x: 1, y: 1, z: 1}
  m_ConstrainProportionsScale: 0
  m_Children: []
  m_Father: {fileID: 2994764676837615290}
  m_LocalEulerAnglesHint: {x: 0, y: 0, z: 0}
--- !u!1 &6430438517730366935
GameObject:
  m_ObjectHideFlags: 0
  m_CorrespondingSourceObject: {fileID: 0}
  m_PrefabInstance: {fileID: 0}
  m_PrefabAsset: {fileID: 0}
  serializedVersion: 6
  m_Component:
  - component: {fileID: 2284487748966015392}
  m_Layer: 0
  m_Name: Discus01_fin_l_3
  m_TagString: Untagged
  m_Icon: {fileID: 0}
  m_NavMeshLayer: 0
  m_StaticEditorFlags: 0
  m_IsActive: 1
--- !u!4 &2284487748966015392
Transform:
  m_ObjectHideFlags: 0
  m_CorrespondingSourceObject: {fileID: 0}
  m_PrefabInstance: {fileID: 0}
  m_PrefabAsset: {fileID: 0}
  m_GameObject: {fileID: 6430438517730366935}
  serializedVersion: 2
  m_LocalRotation: {x: 0.06496664, y: -0.21824364, z: 0.57532156, w: 0.7855916}
  m_LocalPosition: {x: 0.00752022, y: -0.16725187, z: -0.09679078}
  m_LocalScale: {x: 1, y: 1, z: 1}
  m_ConstrainProportionsScale: 0
  m_Children:
  - {fileID: 8124591037740573657}
  m_Father: {fileID: 3361412440892044001}
  m_LocalEulerAnglesHint: {x: 0, y: 0, z: 0}
--- !u!1 &6534960111930103302
GameObject:
  m_ObjectHideFlags: 0
  m_CorrespondingSourceObject: {fileID: 0}
  m_PrefabInstance: {fileID: 0}
  m_PrefabAsset: {fileID: 0}
  serializedVersion: 6
  m_Component:
  - component: {fileID: 4374993121451196529}
  m_Layer: 0
  m_Name: Discus01_spine_fin8_3
  m_TagString: Untagged
  m_Icon: {fileID: 0}
  m_NavMeshLayer: 0
  m_StaticEditorFlags: 0
  m_IsActive: 1
--- !u!4 &4374993121451196529
Transform:
  m_ObjectHideFlags: 0
  m_CorrespondingSourceObject: {fileID: 0}
  m_PrefabInstance: {fileID: 0}
  m_PrefabAsset: {fileID: 0}
  m_GameObject: {fileID: 6534960111930103302}
  serializedVersion: 2
  m_LocalRotation: {x: 0, y: 0, z: 0.29150537, w: 0.9565692}
  m_LocalPosition: {x: -0.896052, y: -0.55065924, z: -6.049893e-17}
  m_LocalScale: {x: 1, y: 1, z: 1}
  m_ConstrainProportionsScale: 0
  m_Children: []
  m_Father: {fileID: 8176904851974838048}
  m_LocalEulerAnglesHint: {x: 0, y: 0, z: 0}
--- !u!1 &6656753782618832310
GameObject:
  m_ObjectHideFlags: 0
  m_CorrespondingSourceObject: {fileID: 0}
  m_PrefabInstance: {fileID: 0}
  m_PrefabAsset: {fileID: 0}
  serializedVersion: 6
  m_Component:
  - component: {fileID: 533554874566788408}
  m_Layer: 0
  m_Name: Discus01_jaw_tip
  m_TagString: Untagged
  m_Icon: {fileID: 0}
  m_NavMeshLayer: 0
  m_StaticEditorFlags: 0
  m_IsActive: 1
--- !u!4 &533554874566788408
Transform:
  m_ObjectHideFlags: 0
  m_CorrespondingSourceObject: {fileID: 0}
  m_PrefabInstance: {fileID: 0}
  m_PrefabAsset: {fileID: 0}
  m_GameObject: {fileID: 6656753782618832310}
  serializedVersion: 2
  m_LocalRotation: {x: 0, y: -0, z: -0, w: 1}
  m_LocalPosition: {x: 0.5461858, y: 0.026082508, z: -0.000085562504}
  m_LocalScale: {x: 1, y: 1, z: 1}
  m_ConstrainProportionsScale: 0
  m_Children: []
  m_Father: {fileID: 6120724030460746065}
  m_LocalEulerAnglesHint: {x: 0, y: 0, z: 0}
--- !u!1 &6772104595626367449
GameObject:
  m_ObjectHideFlags: 0
  m_CorrespondingSourceObject: {fileID: 0}
  m_PrefabInstance: {fileID: 0}
  m_PrefabAsset: {fileID: 0}
  serializedVersion: 6
  m_Component:
  - component: {fileID: 2312277084047548837}
  m_Layer: 0
  m_Name: Discus01_spine_fin8_1
  m_TagString: Untagged
  m_Icon: {fileID: 0}
  m_NavMeshLayer: 0
  m_StaticEditorFlags: 0
  m_IsActive: 1
--- !u!4 &2312277084047548837
Transform:
  m_ObjectHideFlags: 0
  m_CorrespondingSourceObject: {fileID: 0}
  m_PrefabInstance: {fileID: 0}
  m_PrefabAsset: {fileID: 0}
  m_GameObject: {fileID: 6772104595626367449}
  serializedVersion: 2
  m_LocalRotation: {x: -0.007037396, y: -0.061227612, z: -0.113969445, w: 0.99157083}
  m_LocalPosition: {x: -1.2206215, y: 1.34849, z: -2.016631e-17}
  m_LocalScale: {x: 1, y: 1, z: 1}
  m_ConstrainProportionsScale: 0
  m_Children:
  - {fileID: 8176904851974838048}
  m_Father: {fileID: 6308801245086687929}
  m_LocalEulerAnglesHint: {x: 0, y: 0, z: 0}
--- !u!1 &6889755610858836185
GameObject:
  m_ObjectHideFlags: 0
  m_CorrespondingSourceObject: {fileID: 0}
  m_PrefabInstance: {fileID: 0}
  m_PrefabAsset: {fileID: 0}
  serializedVersion: 6
  m_Component:
  - component: {fileID: 1359088658245844616}
  m_Layer: 0
  m_Name: Discus01_fin_pectoralFront_l_3
  m_TagString: Untagged
  m_Icon: {fileID: 0}
  m_NavMeshLayer: 0
  m_StaticEditorFlags: 0
  m_IsActive: 1
--- !u!4 &1359088658245844616
Transform:
  m_ObjectHideFlags: 0
  m_CorrespondingSourceObject: {fileID: 0}
  m_PrefabInstance: {fileID: 0}
  m_PrefabAsset: {fileID: 0}
  m_GameObject: {fileID: 6889755610858836185}
  serializedVersion: 2
  m_LocalRotation: {x: 0.0020636923, y: -0.06597039, z: -0.24841036, w: 0.96640366}
  m_LocalPosition: {x: -0.49831954, y: 0.19173431, z: 0.063984394}
  m_LocalScale: {x: 1, y: 1, z: 1}
  m_ConstrainProportionsScale: 0
  m_Children:
  - {fileID: 6470095579503502633}
  m_Father: {fileID: 4114806387311484393}
  m_LocalEulerAnglesHint: {x: 0, y: 0, z: 0}
--- !u!1 &6911400501280932241
GameObject:
  m_ObjectHideFlags: 0
  m_CorrespondingSourceObject: {fileID: 0}
  m_PrefabInstance: {fileID: 0}
  m_PrefabAsset: {fileID: 0}
  serializedVersion: 6
  m_Component:
  - component: {fileID: 2988890446678284659}
  m_Layer: 0
  m_Name: Discus01_fin_pectoralFront_r_tip
  m_TagString: Untagged
  m_Icon: {fileID: 0}
  m_NavMeshLayer: 0
  m_StaticEditorFlags: 0
  m_IsActive: 1
--- !u!4 &2988890446678284659
Transform:
  m_ObjectHideFlags: 0
  m_CorrespondingSourceObject: {fileID: 0}
  m_PrefabInstance: {fileID: 0}
  m_PrefabAsset: {fileID: 0}
  m_GameObject: {fileID: 6911400501280932241}
  serializedVersion: 2
  m_LocalRotation: {x: 0.41178298, y: 0.5862812, z: -0.40097836, w: 0.5708989}
  m_LocalPosition: {x: -1.0547795, y: 0.35295528, z: 0.06547624}
  m_LocalScale: {x: 1, y: 1, z: 1}
  m_ConstrainProportionsScale: 0
  m_Children: []
  m_Father: {fileID: 6649233918925058106}
  m_LocalEulerAnglesHint: {x: 0, y: 0, z: 0}
--- !u!1 &7038761509674910399
GameObject:
  m_ObjectHideFlags: 0
  m_CorrespondingSourceObject: {fileID: 0}
  m_PrefabInstance: {fileID: 0}
  m_PrefabAsset: {fileID: 0}
  serializedVersion: 6
  m_Component:
  - component: {fileID: 2994764676837615290}
  m_Layer: 0
  m_Name: Discus01_fin_r_1
  m_TagString: Untagged
  m_Icon: {fileID: 0}
  m_NavMeshLayer: 0
  m_StaticEditorFlags: 0
  m_IsActive: 1
--- !u!4 &2994764676837615290
Transform:
  m_ObjectHideFlags: 0
  m_CorrespondingSourceObject: {fileID: 0}
  m_PrefabInstance: {fileID: 0}
  m_PrefabAsset: {fileID: 0}
  m_GameObject: {fileID: 7038761509674910399}
  serializedVersion: 2
  m_LocalRotation: {x: -0.26969728, y: 0.41961852, z: 0.2530074, w: 0.82895774}
  m_LocalPosition: {x: -0.24031974, y: 0.060822763, z: 0.12508555}
  m_LocalScale: {x: 1, y: 1, z: 1}
  m_ConstrainProportionsScale: 0
  m_Children:
  - {fileID: 3723293169425630544}
  m_Father: {fileID: 5149755966369384600}
  m_LocalEulerAnglesHint: {x: 0, y: 0, z: 0}
--- !u!1 &7055311083198981179
GameObject:
  m_ObjectHideFlags: 0
  m_CorrespondingSourceObject: {fileID: 0}
  m_PrefabInstance: {fileID: 0}
  m_PrefabAsset: {fileID: 0}
  serializedVersion: 6
  m_Component:
  - component: {fileID: 4642862051623236983}
  m_Layer: 0
  m_Name: Discus01_fin_r_2
  m_TagString: Untagged
  m_Icon: {fileID: 0}
  m_NavMeshLayer: 0
  m_StaticEditorFlags: 0
  m_IsActive: 1
--- !u!4 &4642862051623236983
Transform:
  m_ObjectHideFlags: 0
  m_CorrespondingSourceObject: {fileID: 0}
  m_PrefabInstance: {fileID: 0}
  m_PrefabAsset: {fileID: 0}
  m_GameObject: {fileID: 7055311083198981179}
  serializedVersion: 2
  m_LocalRotation: {x: -0.20950806, y: 0.35962442, z: 0.34257367, w: 0.8422707}
  m_LocalPosition: {x: -0.13389705, y: -0.026346512, z: 0.13298284}
  m_LocalScale: {x: 1, y: 1, z: 1}
  m_ConstrainProportionsScale: 0
  m_Children:
  - {fileID: 5425024529523102786}
  m_Father: {fileID: 5149755966369384600}
  m_LocalEulerAnglesHint: {x: 0, y: 0, z: 0}
--- !u!1 &7067936499603239489
GameObject:
  m_ObjectHideFlags: 0
  m_CorrespondingSourceObject: {fileID: 0}
  m_PrefabInstance: {fileID: 0}
  m_PrefabAsset: {fileID: 0}
  serializedVersion: 6
  m_Component:
  - component: {fileID: 7007291914135016745}
  m_Layer: 0
  m_Name: Discus01_spine_fin2
  m_TagString: Untagged
  m_Icon: {fileID: 0}
  m_NavMeshLayer: 0
  m_StaticEditorFlags: 0
  m_IsActive: 1
--- !u!4 &7007291914135016745
Transform:
  m_ObjectHideFlags: 0
  m_CorrespondingSourceObject: {fileID: 0}
  m_PrefabInstance: {fileID: 0}
  m_PrefabAsset: {fileID: 0}
  m_GameObject: {fileID: 7067936499603239489}
  serializedVersion: 2
  m_LocalRotation: {x: -0.003939145, y: -0.01412611, z: -0.2685787, w: 0.96314615}
  m_LocalPosition: {x: 0.2095525, y: 3.7087152, z: -2.1754097e-32}
  m_LocalScale: {x: 1, y: 1, z: 1}
  m_ConstrainProportionsScale: 0
  m_Children:
  - {fileID: 1678959771775555481}
  m_Father: {fileID: 3629822487929924004}
  m_LocalEulerAnglesHint: {x: 0, y: 0, z: 0}
--- !u!1 &7166408463460786187
GameObject:
  m_ObjectHideFlags: 0
  m_CorrespondingSourceObject: {fileID: 0}
  m_PrefabInstance: {fileID: 0}
  m_PrefabAsset: {fileID: 0}
  serializedVersion: 6
  m_Component:
  - component: {fileID: 8371301968328853044}
  m_Layer: 0
  m_Name: Discus01_fin_pectoral5_tip
  m_TagString: Untagged
  m_Icon: {fileID: 0}
  m_NavMeshLayer: 0
  m_StaticEditorFlags: 0
  m_IsActive: 1
--- !u!4 &8371301968328853044
Transform:
  m_ObjectHideFlags: 0
  m_CorrespondingSourceObject: {fileID: 0}
  m_PrefabInstance: {fileID: 0}
  m_PrefabAsset: {fileID: 0}
  m_GameObject: {fileID: 7166408463460786187}
  serializedVersion: 2
  m_LocalRotation: {x: 0, y: -0, z: -0, w: 1}
  m_LocalPosition: {x: -1.2225397, y: 0.037647773, z: -9.535023e-18}
  m_LocalScale: {x: 1, y: 1, z: 1}
  m_ConstrainProportionsScale: 0
  m_Children: []
  m_Father: {fileID: 443926183827800618}
  m_LocalEulerAnglesHint: {x: 0, y: 0, z: 0}
--- !u!1 &7274667515161156969
GameObject:
  m_ObjectHideFlags: 0
  m_CorrespondingSourceObject: {fileID: 0}
  m_PrefabInstance: {fileID: 0}
  m_PrefabAsset: {fileID: 0}
  serializedVersion: 6
  m_Component:
  - component: {fileID: 2044257875654491001}
  - component: {fileID: 4171489068723135284}
  m_Layer: 0
  m_Name: Discus1
  m_TagString: Untagged
  m_Icon: {fileID: 0}
  m_NavMeshLayer: 0
  m_StaticEditorFlags: 0
  m_IsActive: 1
--- !u!4 &2044257875654491001
Transform:
  m_ObjectHideFlags: 0
  m_CorrespondingSourceObject: {fileID: 0}
  m_PrefabInstance: {fileID: 0}
  m_PrefabAsset: {fileID: 0}
  m_GameObject: {fileID: 7274667515161156969}
  serializedVersion: 2
  m_LocalRotation: {x: -0.19199392, y: 0.6531657, z: -0.16352075, w: 0.7139845}
  m_LocalPosition: {x: 0.94, y: 3.54, z: -2.13}
  m_LocalScale: {x: 5.0570006, y: 5.057, z: 5.057}
  m_ConstrainProportionsScale: 0
  m_Children:
  - {fileID: 2849638809420830688}
  - {fileID: 158877110973178930}
  - {fileID: 9023733633134869977}
  m_Father: {fileID: 7757725949807368764}
  m_LocalEulerAnglesHint: {x: -3.471, y: 85.804, z: -29.026}
--- !u!95 &4171489068723135284
Animator:
  serializedVersion: 5
  m_ObjectHideFlags: 0
  m_CorrespondingSourceObject: {fileID: 0}
  m_PrefabInstance: {fileID: 0}
  m_PrefabAsset: {fileID: 0}
  m_GameObject: {fileID: 7274667515161156969}
  m_Enabled: 1
  m_Avatar: {fileID: 0}
  m_Controller: {fileID: 9100000, guid: 5b640e079fbafa648a43e56cb3f18107, type: 2}
  m_CullingMode: 0
  m_UpdateMode: 0
  m_ApplyRootMotion: 0
  m_LinearVelocityBlending: 0
  m_StabilizeFeet: 0
  m_WarningMessage: 
  m_HasTransformHierarchy: 1
  m_AllowConstantClipSamplingOptimization: 1
  m_KeepAnimatorStateOnDisable: 0
  m_WriteDefaultValuesOnDisable: 0
--- !u!1 &7549396177416950177
GameObject:
  m_ObjectHideFlags: 0
  m_CorrespondingSourceObject: {fileID: 0}
  m_PrefabInstance: {fileID: 0}
  m_PrefabAsset: {fileID: 0}
  serializedVersion: 6
  m_Component:
  - component: {fileID: 9185321650394528725}
  m_Layer: 0
  m_Name: Discus01_fin_pectoral4_tip
  m_TagString: Untagged
  m_Icon: {fileID: 0}
  m_NavMeshLayer: 0
  m_StaticEditorFlags: 0
  m_IsActive: 1
--- !u!4 &9185321650394528725
Transform:
  m_ObjectHideFlags: 0
  m_CorrespondingSourceObject: {fileID: 0}
  m_PrefabInstance: {fileID: 0}
  m_PrefabAsset: {fileID: 0}
  m_GameObject: {fileID: 7549396177416950177}
  serializedVersion: 2
  m_LocalRotation: {x: 0, y: -0, z: -0, w: 1}
  m_LocalPosition: {x: -2.4820967, y: 0.02860004, z: -9.44413e-17}
  m_LocalScale: {x: 1, y: 1, z: 1}
  m_ConstrainProportionsScale: 0
  m_Children: []
  m_Father: {fileID: 2318796327771763991}
  m_LocalEulerAnglesHint: {x: 0, y: 0, z: 0}
--- !u!1 &7575886527589641470
GameObject:
  m_ObjectHideFlags: 0
  m_CorrespondingSourceObject: {fileID: 0}
  m_PrefabInstance: {fileID: 0}
  m_PrefabAsset: {fileID: 0}
  serializedVersion: 6
  m_Component:
  - component: {fileID: 443926183827800618}
  m_Layer: 0
  m_Name: Discus01_fin_pectoral5_2
  m_TagString: Untagged
  m_Icon: {fileID: 0}
  m_NavMeshLayer: 0
  m_StaticEditorFlags: 0
  m_IsActive: 1
--- !u!4 &443926183827800618
Transform:
  m_ObjectHideFlags: 0
  m_CorrespondingSourceObject: {fileID: 0}
  m_PrefabInstance: {fileID: 0}
  m_PrefabAsset: {fileID: 0}
  m_GameObject: {fileID: 7575886527589641470}
  serializedVersion: 2
  m_LocalRotation: {x: -0.0013126078, y: -0.08161955, z: -0.016026283, w: 0.9965338}
  m_LocalPosition: {x: -1.0419999, y: 0.10395649, z: -3.4332588e-17}
  m_LocalScale: {x: 1, y: 1, z: 1}
  m_ConstrainProportionsScale: 0
  m_Children:
  - {fileID: 8371301968328853044}
  m_Father: {fileID: 5774788116920672613}
  m_LocalEulerAnglesHint: {x: 0, y: 0, z: 0}
--- !u!1 &7647884530801211393
GameObject:
  m_ObjectHideFlags: 0
  m_CorrespondingSourceObject: {fileID: 0}
  m_PrefabInstance: {fileID: 0}
  m_PrefabAsset: {fileID: 0}
  serializedVersion: 6
  m_Component:
  - component: {fileID: 6120724030460746065}
  m_Layer: 0
  m_Name: Discus01_jaw
  m_TagString: Untagged
  m_Icon: {fileID: 0}
  m_NavMeshLayer: 0
  m_StaticEditorFlags: 0
  m_IsActive: 1
--- !u!4 &6120724030460746065
Transform:
  m_ObjectHideFlags: 0
  m_CorrespondingSourceObject: {fileID: 0}
  m_PrefabInstance: {fileID: 0}
  m_PrefabAsset: {fileID: 0}
  m_GameObject: {fileID: 7647884530801211393}
  serializedVersion: 2
  m_LocalRotation: {x: -0.08661144, y: -0.6888106, z: -0.024399336, w: 0.7193352}
  m_LocalPosition: {x: -0.055955186, y: -0.49859497, z: 1.1365851}
  m_LocalScale: {x: 1, y: 1, z: 1}
  m_ConstrainProportionsScale: 0
  m_Children:
  - {fileID: 533554874566788408}
  m_Father: {fileID: 3681441361123166811}
  m_LocalEulerAnglesHint: {x: 0, y: 0, z: 0}
--- !u!1 &7814716894670157465
GameObject:
  m_ObjectHideFlags: 0
  m_CorrespondingSourceObject: {fileID: 0}
  m_PrefabInstance: {fileID: 0}
  m_PrefabAsset: {fileID: 0}
  serializedVersion: 6
  m_Component:
  - component: {fileID: 3986605031168764620}
  m_Layer: 0
  m_Name: Discus01_tail_2
  m_TagString: Untagged
  m_Icon: {fileID: 0}
  m_NavMeshLayer: 0
  m_StaticEditorFlags: 0
  m_IsActive: 1
--- !u!4 &3986605031168764620
Transform:
  m_ObjectHideFlags: 0
  m_CorrespondingSourceObject: {fileID: 0}
  m_PrefabInstance: {fileID: 0}
  m_PrefabAsset: {fileID: 0}
  m_GameObject: {fileID: 7814716894670157465}
  serializedVersion: 2
  m_LocalRotation: {x: 0, y: -0.033023603, z: -0, w: 0.99945456}
  m_LocalPosition: {x: -0.79999995, y: -1.6653344e-17, z: -1.0547118e-16}
  m_LocalScale: {x: 1, y: 1, z: 1}
  m_ConstrainProportionsScale: 0
  m_Children:
  - {fileID: 4943984704287031985}
  m_Father: {fileID: 3463565641947165474}
  m_LocalEulerAnglesHint: {x: 0, y: 0, z: 0}
--- !u!1 &7978329320212767456
GameObject:
  m_ObjectHideFlags: 0
  m_CorrespondingSourceObject: {fileID: 0}
  m_PrefabInstance: {fileID: 0}
  m_PrefabAsset: {fileID: 0}
  serializedVersion: 6
  m_Component:
  - component: {fileID: 3361412440892044001}
  m_Layer: 0
  m_Name: Discus01_fin_l
  m_TagString: Untagged
  m_Icon: {fileID: 0}
  m_NavMeshLayer: 0
  m_StaticEditorFlags: 0
  m_IsActive: 1
--- !u!4 &3361412440892044001
Transform:
  m_ObjectHideFlags: 0
  m_CorrespondingSourceObject: {fileID: 0}
  m_PrefabInstance: {fileID: 0}
  m_PrefabAsset: {fileID: 0}
  m_GameObject: {fileID: 7978329320212767456}
  serializedVersion: 2
  m_LocalRotation: {x: -0.36738712, y: 0.4095871, z: -0.41562495, w: 0.72423834}
  m_LocalPosition: {x: -0.7763555, y: -0.9869553, z: 0.67957884}
  m_LocalScale: {x: 1, y: 1, z: 1}
  m_ConstrainProportionsScale: 0
  m_Children:
  - {fileID: 234415598367428813}
  - {fileID: 817851694069570634}
  - {fileID: 2284487748966015392}
  - {fileID: 8816192021965833430}
  m_Father: {fileID: 754784517392412006}
  m_LocalEulerAnglesHint: {x: 0, y: 0, z: 0}
--- !u!1 &8026748023233555146
GameObject:
  m_ObjectHideFlags: 0
  m_CorrespondingSourceObject: {fileID: 0}
  m_PrefabInstance: {fileID: 0}
  m_PrefabAsset: {fileID: 0}
  serializedVersion: 6
  m_Component:
  - component: {fileID: 6389814262758044776}
  m_Layer: 0
  m_Name: Discus01_eye_r
  m_TagString: Untagged
  m_Icon: {fileID: 0}
  m_NavMeshLayer: 0
  m_StaticEditorFlags: 0
  m_IsActive: 1
--- !u!4 &6389814262758044776
Transform:
  m_ObjectHideFlags: 0
  m_CorrespondingSourceObject: {fileID: 0}
  m_PrefabInstance: {fileID: 0}
  m_PrefabAsset: {fileID: 0}
  m_GameObject: {fileID: 8026748023233555146}
  serializedVersion: 2
  m_LocalRotation: {x: 0.9498477, y: -0.2869166, z: 0.031845726, w: -0.120225266}
  m_LocalPosition: {x: 0.4964451, y: 0.3372266, z: 0.3723002}
  m_LocalScale: {x: 1, y: 1, z: 1}
  m_ConstrainProportionsScale: 0
  m_Children: []
  m_Father: {fileID: 3681441361123166811}
  m_LocalEulerAnglesHint: {x: 0, y: 0, z: 0}
--- !u!1 &8085812925989947697
GameObject:
  m_ObjectHideFlags: 0
  m_CorrespondingSourceObject: {fileID: 0}
  m_PrefabInstance: {fileID: 0}
  m_PrefabAsset: {fileID: 0}
  serializedVersion: 6
  m_Component:
  - component: {fileID: 2713354757901643785}
  m_Layer: 0
  m_Name: Discus01_tail_3_tip
  m_TagString: Untagged
  m_Icon: {fileID: 0}
  m_NavMeshLayer: 0
  m_StaticEditorFlags: 0
  m_IsActive: 1
--- !u!4 &2713354757901643785
Transform:
  m_ObjectHideFlags: 0
  m_CorrespondingSourceObject: {fileID: 0}
  m_PrefabInstance: {fileID: 0}
  m_PrefabAsset: {fileID: 0}
  m_GameObject: {fileID: 8085812925989947697}
  serializedVersion: 2
  m_LocalRotation: {x: 0, y: -0, z: -0, w: 1}
  m_LocalPosition: {x: -0.8272477, y: 0, z: 0}
  m_LocalScale: {x: 1, y: 1, z: 1}
  m_ConstrainProportionsScale: 0
  m_Children: []
  m_Father: {fileID: 4943984704287031985}
  m_LocalEulerAnglesHint: {x: 0, y: 0, z: 0}
--- !u!1 &8112730602763926066
GameObject:
  m_ObjectHideFlags: 0
  m_CorrespondingSourceObject: {fileID: 0}
  m_PrefabInstance: {fileID: 0}
  m_PrefabAsset: {fileID: 0}
  serializedVersion: 6
  m_Component:
  - component: {fileID: 8816192021965833430}
  m_Layer: 0
  m_Name: Discus01_fin_l_4
  m_TagString: Untagged
  m_Icon: {fileID: 0}
  m_NavMeshLayer: 0
  m_StaticEditorFlags: 0
  m_IsActive: 1
--- !u!4 &8816192021965833430
Transform:
  m_ObjectHideFlags: 0
  m_CorrespondingSourceObject: {fileID: 0}
  m_PrefabInstance: {fileID: 0}
  m_PrefabAsset: {fileID: 0}
  m_GameObject: {fileID: 8112730602763926066}
  serializedVersion: 2
  m_LocalRotation: {x: 0.04110814, y: -0.25751925, z: 0.64290863, w: 0.72018224}
  m_LocalPosition: {x: 0.12562476, y: -0.20199662, z: -0.07133825}
  m_LocalScale: {x: 1, y: 1, z: 1}
  m_ConstrainProportionsScale: 0
  m_Children:
  - {fileID: 993933943244407420}
  m_Father: {fileID: 3361412440892044001}
  m_LocalEulerAnglesHint: {x: 0, y: 0, z: 0}
--- !u!1 &8317299345201480678
GameObject:
  m_ObjectHideFlags: 0
  m_CorrespondingSourceObject: {fileID: 0}
  m_PrefabInstance: {fileID: 0}
  m_PrefabAsset: {fileID: 0}
  serializedVersion: 6
  m_Component:
  - component: {fileID: 1678959771775555481}
  m_Layer: 0
  m_Name: Discus01_spine_fin2_tip
  m_TagString: Untagged
  m_Icon: {fileID: 0}
  m_NavMeshLayer: 0
  m_StaticEditorFlags: 0
  m_IsActive: 1
--- !u!4 &1678959771775555481
Transform:
  m_ObjectHideFlags: 0
  m_CorrespondingSourceObject: {fileID: 0}
  m_PrefabInstance: {fileID: 0}
  m_PrefabAsset: {fileID: 0}
  m_GameObject: {fileID: 8317299345201480678}
  serializedVersion: 2
  m_LocalRotation: {x: 0, y: -0, z: -0, w: 1}
  m_LocalPosition: {x: -1.144348, y: 0.73499155, z: 2.5838085e-17}
  m_LocalScale: {x: 1, y: 1, z: 1}
  m_ConstrainProportionsScale: 0
  m_Children: []
  m_Father: {fileID: 7007291914135016745}
  m_LocalEulerAnglesHint: {x: 0, y: 0, z: 0}
--- !u!1 &8338222699739371926
GameObject:
  m_ObjectHideFlags: 0
  m_CorrespondingSourceObject: {fileID: 0}
  m_PrefabInstance: {fileID: 0}
  m_PrefabAsset: {fileID: 0}
  serializedVersion: 6
  m_Component:
  - component: {fileID: 8042677700755671219}
  m_Layer: 0
  m_Name: Discus01_spine_fin1_tip
  m_TagString: Untagged
  m_Icon: {fileID: 0}
  m_NavMeshLayer: 0
  m_StaticEditorFlags: 0
  m_IsActive: 1
--- !u!4 &8042677700755671219
Transform:
  m_ObjectHideFlags: 0
  m_CorrespondingSourceObject: {fileID: 0}
  m_PrefabInstance: {fileID: 0}
  m_PrefabAsset: {fileID: 0}
  m_GameObject: {fileID: 8338222699739371926}
  serializedVersion: 2
  m_LocalRotation: {x: 0, y: -0, z: -0, w: 1}
  m_LocalPosition: {x: -0.94667715, y: 0.5707506, z: 2.1426706e-17}
  m_LocalScale: {x: 1, y: 1, z: 1}
  m_ConstrainProportionsScale: 0
  m_Children: []
  m_Father: {fileID: 3007094643902611529}
  m_LocalEulerAnglesHint: {x: 0, y: 0, z: 0}
--- !u!1 &8551523213388238591
GameObject:
  m_ObjectHideFlags: 0
  m_CorrespondingSourceObject: {fileID: 0}
  m_PrefabInstance: {fileID: 0}
  m_PrefabAsset: {fileID: 0}
  serializedVersion: 6
  m_Component:
  - component: {fileID: 1294896697913123035}
  m_Layer: 0
  m_Name: Discus01_fin_pectoralFront_l_tip
  m_TagString: Untagged
  m_Icon: {fileID: 0}
  m_NavMeshLayer: 0
  m_StaticEditorFlags: 0
  m_IsActive: 1
--- !u!4 &1294896697913123035
Transform:
  m_ObjectHideFlags: 0
  m_CorrespondingSourceObject: {fileID: 0}
  m_PrefabInstance: {fileID: 0}
  m_PrefabAsset: {fileID: 0}
  m_GameObject: {fileID: 8551523213388238591}
  serializedVersion: 2
  m_LocalRotation: {x: -0.41766447, y: -0.59573776, z: -0.39382896, w: 0.56173986}
  m_LocalPosition: {x: -1.0569363, y: 0.35264224, z: 0.0326472}
  m_LocalScale: {x: 1, y: 1, z: 1}
  m_ConstrainProportionsScale: 0
  m_Children: []
  m_Father: {fileID: 4797917037480857014}
  m_LocalEulerAnglesHint: {x: 0, y: 0, z: 0}
--- !u!1 &8792650946758403587
GameObject:
  m_ObjectHideFlags: 0
  m_CorrespondingSourceObject: {fileID: 0}
  m_PrefabInstance: {fileID: 0}
  m_PrefabAsset: {fileID: 0}
  serializedVersion: 6
  m_Component:
  - component: {fileID: 4655333613931161315}
  m_Layer: 0
  m_Name: Discus01_spine_fin6
  m_TagString: Untagged
  m_Icon: {fileID: 0}
  m_NavMeshLayer: 0
  m_StaticEditorFlags: 0
  m_IsActive: 1
--- !u!4 &4655333613931161315
Transform:
  m_ObjectHideFlags: 0
  m_CorrespondingSourceObject: {fileID: 0}
  m_PrefabInstance: {fileID: 0}
  m_PrefabAsset: {fileID: 0}
  m_GameObject: {fileID: 8792650946758403587}
  serializedVersion: 2
  m_LocalRotation: {x: -0.016847135, y: -0.048974574, z: -0.3248526, w: 0.94434553}
  m_LocalPosition: {x: -0.5802338, y: 3.2628653, z: 0}
  m_LocalScale: {x: 1, y: 1, z: 1}
  m_ConstrainProportionsScale: 0
  m_Children:
  - {fileID: 2132384966276274171}
  m_Father: {fileID: 445269042867242212}
  m_LocalEulerAnglesHint: {x: 0, y: 0, z: 0}
--- !u!1 &8796433351450441891
GameObject:
  m_ObjectHideFlags: 0
  m_CorrespondingSourceObject: {fileID: 0}
  m_PrefabInstance: {fileID: 0}
  m_PrefabAsset: {fileID: 0}
  serializedVersion: 6
  m_Component:
  - component: {fileID: 8014276216198011195}
  m_Layer: 0
  m_Name: Discus01_spine_fin7_2
  m_TagString: Untagged
  m_Icon: {fileID: 0}
  m_NavMeshLayer: 0
  m_StaticEditorFlags: 0
  m_IsActive: 1
--- !u!4 &8014276216198011195
Transform:
  m_ObjectHideFlags: 0
  m_CorrespondingSourceObject: {fileID: 0}
  m_PrefabInstance: {fileID: 0}
  m_PrefabAsset: {fileID: 0}
  m_GameObject: {fileID: 8796433351450441891}
  serializedVersion: 2
  m_LocalRotation: {x: 0.0012229137, y: -0.08095313, z: 0.015055132, w: 0.9966034}
  m_LocalPosition: {x: -1.0295116, y: 0.10294773, z: -1.3927763e-17}
  m_LocalScale: {x: 1, y: 1, z: 1}
  m_ConstrainProportionsScale: 0
  m_Children:
  - {fileID: 6621387728902991496}
  m_Father: {fileID: 5338675517431765037}
  m_LocalEulerAnglesHint: {x: 0, y: 0, z: 0}
--- !u!1 &8831401234577801860
GameObject:
  m_ObjectHideFlags: 0
  m_CorrespondingSourceObject: {fileID: 0}
  m_PrefabInstance: {fileID: 0}
  m_PrefabAsset: {fileID: 0}
  serializedVersion: 6
  m_Component:
  - component: {fileID: 5338675517431765037}
  m_Layer: 0
  m_Name: Discus01_spine_fin7_1
  m_TagString: Untagged
  m_Icon: {fileID: 0}
  m_NavMeshLayer: 0
  m_StaticEditorFlags: 0
  m_IsActive: 1
--- !u!4 &5338675517431765037
Transform:
  m_ObjectHideFlags: 0
  m_CorrespondingSourceObject: {fileID: 0}
  m_PrefabInstance: {fileID: 0}
  m_PrefabAsset: {fileID: 0}
  m_GameObject: {fileID: 8831401234577801860}
  serializedVersion: 2
  m_LocalRotation: {x: -0.0027789806, y: -0.051716655, z: -0.053585313, w: 0.99721926}
  m_LocalPosition: {x: -0.92131263, y: 2.354425, z: -3.2467375e-17}
  m_LocalScale: {x: 1, y: 1, z: 1}
  m_ConstrainProportionsScale: 0
  m_Children:
  - {fileID: 8014276216198011195}
  m_Father: {fileID: 6308801245086687929}
  m_LocalEulerAnglesHint: {x: 0, y: 0, z: 0}
--- !u!1 &8984879466882670807
GameObject:
  m_ObjectHideFlags: 0
  m_CorrespondingSourceObject: {fileID: 0}
  m_PrefabInstance: {fileID: 0}
  m_PrefabAsset: {fileID: 0}
  serializedVersion: 6
  m_Component:
  - component: {fileID: 6649233918925058106}
  m_Layer: 0
  m_Name: Discus01_fin_pectoralFront_r_5
  m_TagString: Untagged
  m_Icon: {fileID: 0}
  m_NavMeshLayer: 0
  m_StaticEditorFlags: 0
  m_IsActive: 1
--- !u!4 &6649233918925058106
Transform:
  m_ObjectHideFlags: 0
  m_CorrespondingSourceObject: {fileID: 0}
  m_PrefabInstance: {fileID: 0}
  m_PrefabAsset: {fileID: 0}
  m_GameObject: {fileID: 8984879466882670807}
  serializedVersion: 2
  m_LocalRotation: {x: -0.0007151936, y: -0.1966888, z: 0.20138128, w: 0.9595617}
  m_LocalPosition: {x: -1.0192074, y: -0.088128224, z: 0.04204107}
  m_LocalScale: {x: 1, y: 1, z: 1}
  m_ConstrainProportionsScale: 0
  m_Children:
  - {fileID: 2988890446678284659}
  m_Father: {fileID: 2950745346488554866}
  m_LocalEulerAnglesHint: {x: 0, y: 0, z: 0}
--- !u!1 &9052520044914993379
GameObject:
  m_ObjectHideFlags: 0
  m_CorrespondingSourceObject: {fileID: 0}
  m_PrefabInstance: {fileID: 0}
  m_PrefabAsset: {fileID: 0}
  serializedVersion: 6
  m_Component:
  - component: {fileID: 8075035981267290462}
  m_Layer: 0
  m_Name: Discus01_fin_pectoral1
  m_TagString: Untagged
  m_Icon: {fileID: 0}
  m_NavMeshLayer: 0
  m_StaticEditorFlags: 0
  m_IsActive: 1
--- !u!4 &8075035981267290462
Transform:
  m_ObjectHideFlags: 0
  m_CorrespondingSourceObject: {fileID: 0}
  m_PrefabInstance: {fileID: 0}
  m_PrefabAsset: {fileID: 0}
  m_GameObject: {fileID: 9052520044914993379}
  serializedVersion: 2
  m_LocalRotation: {x: 0.8206147, y: 0.5714796, z: -0.0013240428, w: 0.0009220691}
  m_LocalPosition: {x: -0.114342965, y: -3.202561, z: 0.027444156}
  m_LocalScale: {x: 1, y: 1, z: 1}
  m_ConstrainProportionsScale: 0
  m_Children:
  - {fileID: 2648032682288331713}
  m_Father: {fileID: 3629822487929924004}
  m_LocalEulerAnglesHint: {x: 0, y: 0, z: 0}
--- !u!1 &9073808008180871753
GameObject:
  m_ObjectHideFlags: 0
  m_CorrespondingSourceObject: {fileID: 0}
  m_PrefabInstance: {fileID: 0}
  m_PrefabAsset: {fileID: 0}
  serializedVersion: 6
  m_Component:
  - component: {fileID: 2888812459142648676}
  m_Layer: 0
  m_Name: Discus01_fin_l_2_tip
  m_TagString: Untagged
  m_Icon: {fileID: 0}
  m_NavMeshLayer: 0
  m_StaticEditorFlags: 0
  m_IsActive: 1
--- !u!4 &2888812459142648676
Transform:
  m_ObjectHideFlags: 0
  m_CorrespondingSourceObject: {fileID: 0}
  m_PrefabInstance: {fileID: 0}
  m_PrefabAsset: {fileID: 0}
  m_GameObject: {fileID: 9073808008180871753}
  serializedVersion: 2
  m_LocalRotation: {x: 0.04643964, y: -0.7055802, z: 0.04643964, w: 0.7055802}
  m_LocalPosition: {x: -2.2768128, y: -0.099796824, z: 0.07625808}
  m_LocalScale: {x: 1, y: 1, z: 1}
  m_ConstrainProportionsScale: 0
  m_Children: []
  m_Father: {fileID: 817851694069570634}
  m_LocalEulerAnglesHint: {x: 0, y: 0, z: 0}
--- !u!1 &9125368186048231619
GameObject:
  m_ObjectHideFlags: 0
  m_CorrespondingSourceObject: {fileID: 0}
  m_PrefabInstance: {fileID: 0}
  m_PrefabAsset: {fileID: 0}
  serializedVersion: 6
  m_Component:
  - component: {fileID: 2648032682288331713}
  m_Layer: 0
  m_Name: Discus01_fin_pectoral1_tip
  m_TagString: Untagged
  m_Icon: {fileID: 0}
  m_NavMeshLayer: 0
  m_StaticEditorFlags: 0
  m_IsActive: 1
--- !u!4 &2648032682288331713
Transform:
  m_ObjectHideFlags: 0
  m_CorrespondingSourceObject: {fileID: 0}
  m_PrefabInstance: {fileID: 0}
  m_PrefabAsset: {fileID: 0}
  m_GameObject: {fileID: 9125368186048231619}
  serializedVersion: 2
  m_LocalRotation: {x: 0, y: -0, z: -0.6859263, w: 0.727671}
  m_LocalPosition: {x: -1.3803023, y: -0.10917194, z: 1.5674893e-18}
  m_LocalScale: {x: 1, y: 1, z: 1}
  m_ConstrainProportionsScale: 0
  m_Children: []
  m_Father: {fileID: 8075035981267290462}
  m_LocalEulerAnglesHint: {x: 0, y: 0, z: 0}
--- !u!1001 &976098884626020365
PrefabInstance:
  m_ObjectHideFlags: 0
  serializedVersion: 2
  m_Modification:
    serializedVersion: 3
    m_TransformParent: {fileID: 0}
    m_Modifications:
    - target: {fileID: 1007697558418042952, guid: 1d123e31fbace1c4f8899e04d171053d, type: 3}
      propertyPath: m_Size.y
      value: 11.9143305
      objectReference: {fileID: 0}
    - target: {fileID: 1007697558418042952, guid: 1d123e31fbace1c4f8899e04d171053d, type: 3}
      propertyPath: m_Size.z
      value: 17.003944
      objectReference: {fileID: 0}
    - target: {fileID: 1007697558418042952, guid: 1d123e31fbace1c4f8899e04d171053d, type: 3}
      propertyPath: m_Center.y
      value: 1.2826734
      objectReference: {fileID: 0}
    - target: {fileID: 1007697558418042952, guid: 1d123e31fbace1c4f8899e04d171053d, type: 3}
      propertyPath: m_Center.z
      value: -4.203729
      objectReference: {fileID: 0}
    - target: {fileID: 5729466254066270218, guid: 1d123e31fbace1c4f8899e04d171053d, type: 3}
      propertyPath: m_LocalPosition.x
      value: 1.19
      objectReference: {fileID: 0}
    - target: {fileID: 5729466254066270218, guid: 1d123e31fbace1c4f8899e04d171053d, type: 3}
      propertyPath: m_LocalPosition.y
      value: 0.18
      objectReference: {fileID: 0}
    - target: {fileID: 5729466254066270218, guid: 1d123e31fbace1c4f8899e04d171053d, type: 3}
      propertyPath: m_LocalPosition.z
      value: 3.98
      objectReference: {fileID: 0}
    - target: {fileID: 7359786026640925233, guid: 1d123e31fbace1c4f8899e04d171053d, type: 3}
      propertyPath: m_LocalPosition.x
      value: 0
      objectReference: {fileID: 0}
    - target: {fileID: 7359786026640925233, guid: 1d123e31fbace1c4f8899e04d171053d, type: 3}
      propertyPath: m_LocalPosition.y
      value: 0
      objectReference: {fileID: 0}
    - target: {fileID: 7359786026640925233, guid: 1d123e31fbace1c4f8899e04d171053d, type: 3}
      propertyPath: m_LocalPosition.z
      value: 0
      objectReference: {fileID: 0}
    - target: {fileID: 7359786026640925233, guid: 1d123e31fbace1c4f8899e04d171053d, type: 3}
      propertyPath: m_LocalRotation.w
      value: 1
      objectReference: {fileID: 0}
    - target: {fileID: 7359786026640925233, guid: 1d123e31fbace1c4f8899e04d171053d, type: 3}
      propertyPath: m_LocalRotation.x
      value: 0
      objectReference: {fileID: 0}
    - target: {fileID: 7359786026640925233, guid: 1d123e31fbace1c4f8899e04d171053d, type: 3}
      propertyPath: m_LocalRotation.y
      value: 0
      objectReference: {fileID: 0}
    - target: {fileID: 7359786026640925233, guid: 1d123e31fbace1c4f8899e04d171053d, type: 3}
      propertyPath: m_LocalRotation.z
      value: 0
      objectReference: {fileID: 0}
    - target: {fileID: 7359786026640925233, guid: 1d123e31fbace1c4f8899e04d171053d, type: 3}
      propertyPath: m_LocalEulerAnglesHint.x
      value: 0
      objectReference: {fileID: 0}
    - target: {fileID: 7359786026640925233, guid: 1d123e31fbace1c4f8899e04d171053d, type: 3}
      propertyPath: m_LocalEulerAnglesHint.y
      value: 0
      objectReference: {fileID: 0}
    - target: {fileID: 7359786026640925233, guid: 1d123e31fbace1c4f8899e04d171053d, type: 3}
      propertyPath: m_LocalEulerAnglesHint.z
      value: 0
      objectReference: {fileID: 0}
    - target: {fileID: 7883804899318741131, guid: 1d123e31fbace1c4f8899e04d171053d, type: 3}
      propertyPath: m_Name
      value: Fish - Pez Disco 1
      objectReference: {fileID: 0}
    m_RemovedComponents: []
    m_RemovedGameObjects:
    - {fileID: 6240652154994055266, guid: 1d123e31fbace1c4f8899e04d171053d, type: 3}
    m_AddedGameObjects:
    - targetCorrespondingSourceObject: {fileID: 7359786026640925233, guid: 1d123e31fbace1c4f8899e04d171053d, type: 3}
      insertIndex: -1
      addedObject: {fileID: 2044257875654491001}
    m_AddedComponents: []
  m_SourcePrefab: {fileID: 100100000, guid: 1d123e31fbace1c4f8899e04d171053d, type: 3}
--- !u!4 &7757725949807368764 stripped
Transform:
  m_CorrespondingSourceObject: {fileID: 7359786026640925233, guid: 1d123e31fbace1c4f8899e04d171053d, type: 3}
  m_PrefabInstance: {fileID: 976098884626020365}
  m_PrefabAsset: {fileID: 0}
